 Dungeon Crawl Stone Soup version 0.15-a0-2123-gb18dd36 (webtiles) character file.

12047646 tabulaattori the Archmage (level 27, 214/214 HPs)
             Began as a Deep Elf Fire Elementalist on May 2, 2014.
             Was the Champion of Vehumet.
             Escaped with the Orb
             ... and 12 runes on July 16, 2014!
             The game lasted 14:44:25 (86573 turns).

tabulaattori the Archmage (DEFE)                   Turns: 86573, Time: 14:44:25

HP 214/214       AC 19     Str 13 (16) XL: 27
MP  48/50        EV 26     Int 46      God: Vehumet [******]
Gold 8363        SH 10     Dex 12 (15) Spells: 15 memorised,  0 levels left

rFire  + + +     SeeInvis +     a - staff of fire
rCold  + + +     Clarity  .     x - +4 troll leather armour {Snorg}
rNeg   + + .     rCorr    .     A - -3 shield of Ufoiplel {Str+3 Int+5}
rPois  +         rRot     .     z - +2 helmet of the Crypt {rPois MR++ Str+1 SInv}
rElec  +         Spirit   .     v - +3 cloak of Flash {+Fly EV+4}
SustAb .         Warding  +     W - +2 pair of gloves of the Clouds {Str+4 Int+1}
rMut   .         Stasis   .     p - -4 pair of boots "Fonoc" {rF++ rC++ Int+4}
Gourm  .                        T - amulet "Thammoa" {Ward rElec rPois rN++ Slay+1 Stlth+}
MR     ++++.                    g - ring of Vitality {HP+15 Regen}
                                d - ring of Birdsong {rElec rC+ Str+3 Int+2 Slay-3 SInv}

@: delayed fireball, incredibly resistant to hostile enchantments, unstealthy
A: no striking features
a: Renounce Religion, Release Delayed Fireball, Evoke Flight
0: Orb of Zot
}: 12/15 runes: serpentine, barnacled, slimy, silver, iron, icy, abyssal,
demonic, glowing, magical, fiery, dark


You escaped.
You worshipped Vehumet.
Vehumet was exalted by your worship.
You were not hungry.

You visited 15 branches of the dungeon, and saw 78 of its levels.
You visited Pandemonium 1 time, and saw 30 of its levels.
You visited the Abyss 1 time.
You visited 2 bazaars.
You completed 2 Ziggurats, and saw 54 of their levels.
You also visited: Labyrinth, Trove, Sewer and Ice Cave.

You collected 11575 gold pieces.
You spent 3212 gold pieces at shops.

Inventory:

Hand weapons
 e - the +10 flail "Gralaf" {flame, +Fly rElec rF+ rC+ Int+1}
   (You found it on level 26 of a ziggurat)

   It emits flame when wielded, causing extra injury to most foes and up to
   double damage against particularly susceptible opponents.
   It affects your intelligence (+1).
   It protects you from fire.
   It protects you from cold.
   It insulates you from electricity.
   It lets you fly.
Armour
 p - the -4 pair of boots "Fonoc" (worn) {rF++ rC++ Int+4}
   (You found it on level 23 of a ziggurat)

   It affects your intelligence (+4).
   It greatly protects you from fire.
   It greatly protects you from cold.
 v - the +3 cloak of Flash (worn) {+Fly EV+4}
   (You found it on level 21 of a ziggurat)

   It affects your evasion (+4).
   It lets you fly.
 x - a +4 troll leather armour (worn) {Snorg}
 z - the +2 helmet of the Crypt (worn) {rPois MR++ Str+1 SInv}
   (You found it on level 7 of Cocytus)

   It affects your strength (+1).
   It protects you from poison.
   It affects your resistance to hostile enchantments.
   It enhances your eyesight.
 A - the cursed -3 shield of Ufoiplel (worn) {Str+3 Int+5}
   (You found it on level 19 of a ziggurat)

   It affects your strength (+3).
   It affects your intelligence (+5).
   It has a curse placed upon it.
 S - the +5 helmet of San Gana {+Blink rC+}
   (You acquired it on level 7 of the Lair of Beasts)

   It protects you from cold.
   It lets you blink.
 W - the +2 pair of gloves of the Clouds (worn) {Str+4 Int+1}
   (You found it on level 10 of a ziggurat)

   It affects your strength (+4).
   It affects your intelligence (+1).
Magical devices
 o - a wand of digging (5)
 y - a wand of heal wounds (7)
 D - a wand of heal wounds (9)
 L - a wand of hasting (9)
Comestibles
 O - a bread ration
Scrolls
 f - 7 scrolls of teleportation
 i - 10 scrolls of remove curse
 r - a scroll of fear
 F - 2 scrolls of holy word
 I - a scroll of fog
 P - 2 scrolls of magic mapping
 Y - a scroll of blinking
Jewellery
 d - the ring of Birdsong (left hand) {rElec rC+ Str+3 Int+2 Slay-3 SInv}
   (You found it on level 6 of the Pits of Slime)

   [ring of strength]

   It affects your strength (+3).
   It affects your intelligence (+2).
   It affects your accuracy and damage with ranged weapons and melee attacks
   (-3).
   It protects you from cold.
   It insulates you from electricity.
   It enhances your eyesight.
 g - the ring of Vitality (right hand) {HP+15 Regen}
   (You found it on level 23 of a ziggurat)

   [ring of regeneration]

   It affects your health (+15).
   It increases your rate of regeneration.
 h - the cursed ring "Zoysetoh" {rPois Str+2 Dex+5 Slay+1}
   (You found it on level 13 of a ziggurat)

   [ring of dexterity]

   It affects your strength (+2).
   It affects your dexterity (+5).
   It affects your accuracy and damage with ranged weapons and melee attacks
   (+1).
   It protects you from poison.
   It has a curse placed upon it.
 l - the cursed ring of the Fiend {Str+3 Int+5}
   (You found it on level 18 of a ziggurat)

   [ring of intelligence]

   It affects your strength (+3).
   It affects your intelligence (+5).
   It has a curse placed upon it.
 m - the cursed ring of the Mage {Wiz MR++ Int+3}
   (You bought it in a shop on level 1 of the Snake Pit)

   [ring of wizardry]

   It improves your spell success rate.
   It affects your intelligence (+3).
   It affects your resistance to hostile enchantments.
   It has a curse placed upon it.
 s - the cursed ring of Inoan {rPois Dex+2 Int-3}
   (You took it off a balrug in Pandemonium)

   [ring of poison resistance]

   It affects your intelligence (-3).
   It affects your dexterity (+2).
   It protects you from poison.
   It has a curse placed upon it.
 u - a cursed ring of the Octopus King {rC+ AC+1 EV+1 Str+1 Dex+1 Int+1}
   (You found it on level 5 of a ziggurat)

   [ring of protection from cold]

   It affects your AC (+1).
   It affects your evasion (+1).
   It affects your strength (+1).
   It affects your intelligence (+1).
   It affects your dexterity (+1).
   It protects you from cold.
   It has a curse placed upon it.
 J - the cursed ring "Jodydim" {rF+ rC+ Int+1 Slay+6}
   (You found it on level 17 of a ziggurat)

   [ring of intelligence]

   It affects your intelligence (+1).
   It affects your accuracy and damage with ranged weapons and melee attacks
   (+6).
   It protects you from fire.
   It protects you from cold.
   It has a curse placed upon it.
 Q - the cursed amulet of the Four Winds {Clar rN+ MR+++}
   (You found it on level 19 of a ziggurat)

   [amulet of clarity]

   It provides mental clarity.
   It protects you from negative energy.
   It affects your resistance to hostile enchantments.
   It has a curse placed upon it.
 T - the amulet "Thammoa" (around neck) {Ward rElec rPois rN++ Slay+1 Stlth+}
   (You found it on level 16 of a ziggurat)

   [amulet of warding]

   It may prevent the melee attacks of summoned creatures.
   It affects your accuracy and damage with ranged weapons and melee attacks
   (+1).
   It insulates you from electricity.
   It protects you from poison.
   It greatly protects you from negative energy.
   It makes you more stealthy.
 V - the cursed ring "Pnikueco" {rF+ Dex+4 Int+2}
   (You found it on level 5 of the Vaults)

   [ring of protection from fire]

   It affects your intelligence (+2).
   It affects your dexterity (+4).
   It protects you from fire.
   It has a curse placed upon it.
 X - the cursed amulet "Ikaigaji" {Stasis Int+3}
   (You found it on level 19 of a ziggurat)

   [amulet of stasis]

   It prevents you from being teleported, slowed, hasted or paralysed.
   It affects your intelligence (+3).
   It has a curse placed upon it.
 Z - the cursed ring "Ygasiesch" {SustAb rN+ Str+3}
   (You found it on level 11 of a ziggurat)

   [ring of sustain abilities]

   It sustains your strength, intelligence and dexterity.
   It affects your strength (+3).
   It protects you from negative energy.
   It has a curse placed upon it.
Potions
 c - a potion of flight
 j - a potion of might
 n - 10 potions of curing
 q - 3 potions of cure mutation
 E - a potion of agility
 K - a potion of porridge
 U - 3 potions of resistance
Magical staves
 a - an uncursed staff of fire (weapon)
 b - an uncursed staff of energy
Miscellaneous
 k - a disc of storms
 G - a crystal ball of energy
Rods
 w - a cursed +9 rod of shadows (17/17)
   (You found it on level 6 of a ziggurat)
 C - a +4 rod of the swarm (9/9)
   (You took it off an iron imp on level 7 of the Iron City of Dis)
 N - a cursed +9 lightning rod (17/17)
   (You found it in a labyrinth)


   Skills:
 O Level 27 Fighting
 - Level 12.1 Armour
 - Level 20.2 Dodging
 - Level 7.1 Stealth
 - Level 15.3 Shields
 O Level 27 Spellcasting
 O Level 27 Conjurations
   Level 5.0 Hexes
 - Level 15.0 Charms
 - Level 11.1 Summonings
 O Level 27 Necromancy
 - Level 18.0 Translocations
 - Level 4.0 Transmutations
 O Level 27 Fire Magic
 + Level 18.8 Ice Magic
 - Level 4.6 Air Magic
 O Level 27 Earth Magic
 O Level 27 Evocations


You couldn't memorise any spells.
You knew the following spells:

 Your Spells              Type           Power        Failure   Level  Hunger
a - Flame Tongue          Conj/Fire      #####        0%          1    None
b - Ring of Flames        Chrm/Fire      #########.   1%          7    None
c - Fire Storm            Conj/Fire      #########.   1%          9    None
d - Delayed Fireball      Conj/Fire      N/A          0%          7    None
e - Fireball              Conj/Fire      #########.   0%          5    None
f - Necromutation         Trmt/Necr      ########..   2%          8    None
g - Deflect Missiles      Chrm/Air       ########..   1%          6    None
h - Controlled Blink      Tloc           N/A          1%          7    None
i - Lehudib's Crystal Sp  Conj/Erth      ########..   1%          8    None
j - Shatter               Erth           ########..   1%          9    None
m - Throw Icicle          Conj/Ice       #######.     0%          4    None
n - Haste                 Chrm           ########     1%          6    None
o - Abjuration            Summ           ########..   0%          3    None
r - Regeneration          Chrm/Necr      ########..   0%          3    None
s - Sublimation of Blood  Necr           ########..   0%          2    None


Dungeon Overview and Level Annotations

Branches:
Dungeon (15/15)            Temple (1/1) D:5             Orc (4/4) D:11
    Elf (3/3) Orc:3          Lair (8/8) D:8          Shoals (5/5) Lair:5
  Snake (5/5) Lair:5        Slime (6/6) Lair:8       Vaults (5/5) D:13
  Blade (0/1) Vaults:4      Crypt (0/3) Vaults:2       Hell (1/1)
    Dis (7/7) Hell            Geh (0/7) Hell            Coc (7/7) Hell
    Tar (1/7) Hell            Zot (5/5) Depths:5     Depths (5/5) D:15

Altars:
Ashenzari
Cheibriados
Dithmenos
Elyvilon
Fedhas
Gozag
Makhleb
Nemelex Xobeh
Okawaru
Sif Muna
Vehumet
Xom
Yredelemnul
Zin
The Shining One
Jiyva

Shops:
D:8 ?   D:12 !}   Orc:4 [=(*   Elf:2 :   Snake:1 =   Vaults:1 :[   Vaults:2 }
Vaults:4 %   Depths:5 !=[

Portals:
Hell: Lair:8 Depths:1 Depths:2 Depths:3 Depths:4 Depths:5
Abyss: Depths:4
Pandemonium: Depths:3 Depths:5

Annotations:
Coc:7 exclusion: ice statue


Message History

You see here a glowing short sword.
There is an open door here.
An Orb Guardian comes into view.
Casting: Fire Storm
Confirm with . or Enter, or press ? or * to list all spells.
Aiming: Fire Storm
Press: ? - help, Dir - move target cursor, f - Orb Guardian
Aim: an Orb Guardian You feel a surge of power!
A raging storm of fire appears!
The great blast of fire engulfs the Orb Guardian.
You kill the Orb Guardian!
Vehumet accepts your kill.
You feel your power returning.
Unknown command.
You start resting.
A Hell Sentinel comes into view.
Unknown command.
There is a staircase leading out of the dungeon here.
You can't go down here!
You have escaped!

)'.......'....'.............#
##......##....####....####..#
###...###....# #.#.## #%.#
#...###########.#.### #..#
#..^...# #.....#...# #..#
####......# #.#######.#
#..####
#...#.....####.#.....#.#
#.....#
#...#........#..v.##.#.#
#.###.#
#...#.....##.#..@..#...# #.#
#.## #...+.....##.##.1..#.###
#.# #...
#..)#.....##.....#.#.#
##.######
#..(.....#########.#.#
#........ #.##(....# #....#.#
##..###...
..#......######.####.#
#........# ..#..[.......##.#
#.# #>...##..#
..#...#'#....##.## #.#
#....#.... ..##..#.#....^...#
#.# #.......#.


You could see a Hell Sentinel and a friendly fire vortex.

Vanquished Creatures
  Antaeus (Coc:7)
  Cerebov (Pan)
  the royal jelly (Slime:6)
  Ignacio (Pan)
  Gloorx Vloq (Pan)
  Mnoleg (Pan)
  Lom Lobon (Pan)
  Dispater (Dis:7)
  5 orbs of fire (Zot:5)
  10 ancient liches
  The ghost of bmfx the Champion of Chaos, an awesomely powerful MiIE of Makhleb (Zig:15)
  The ghost of Amnesiac the Imperceptible, a legendary HaEn of Dithmenos (Coc:7)
  15 greater mummies
  Saint Roka (Vaults:2)
  A curse toe (Zot:5)
  Sojobo (Depths:2)
  Norris (Depths:3)
  28 pandemonium lords
  11 Killer Klowns
  Geryon (Hell)
  The ghost of Zernach the Bringer of Law, a great FoFi of Zin (Vaults:4)
  19 golden dragons
  5 profane servitors
  Xtahua (Vaults:2)
  Nikola (Snake:3)
  An electric golem (Zot:5)
  9 Brimstone Fiends
  12 bone dragons
  17 Hell Sentinels
  A hellephant (Zig:8)
  29 Ice Fiends
  Vashnia (Snake:2)
  The ghost of Duskembrace the Impaler, a mighty MiBe of Trog (Depths:1)
  22 tentacled monstrosities
  23 Orb Guardians
  10 titans
  8 quicksilver dragons
  13 deep elf master archers
  13 deep elf blademasters
  9 Shadow Fiends
  2 krakens
  12 liches
  8 storm dragons
  32 Executioners
  2 eldritch tentacles (Pan)
  4 sphinxes
  16 tentacled starspawn
  Agnes (Elf:2)
  28 acid blobs
  2 daevas
  14 tengu reavers
  5 shadow dragons
  A shadow dragon (shapeshifter) (Zig:24)
  13 ancient champions
  2 thorn hunters (Zig:20)
  6 draconian monks
  22 azure jellies
  Ilsuiw (Shoals:4)
  2 azure jellies (shapeshifter)
  16 revenants
  17 frost giants
  20 deep elf sorcerers
  54 greater nagas
  12 draconian scorchers
  Wiglaf (Snake:4)
  19 iron dragons
  16 vault wardens
  7 draconian zealots
  Aizul (Snake:3)
  Louise (D:14)
  26 orc warlords
  30 balrugs
  3 ghost moths
  9 draconian knights
  9 fire giants
  3 angels
  Gastronok (Lair:1)
  5 ghouls
  32 cacodemons
  5 emperor scorpions
  10 warmongers
  10 draconian annihilators
  15 blood saints
  13 draconian shifters
  25 deep elf demonologists
  11 draconian callers
  58 reapers
  18 corrupters
  43 stone giants
  2 salamander firebrands (Hell)
  17 war gargoyles
  2 grey draconians
  An ophan (Abyss:5)
  The ghost of tabulaattori the Blocker, a powerful MiMo of Dithmenos (Lair:8)
  5 green draconians
  7 black draconians
  2 red draconians (Depths:5)
  26 starcursed masses
  Azrael (D:15)
  6 pale draconians
  3 curse skulls
  9 dire elephants
  33 deep elf annihilators
  5 white draconians
  10 vampire knights
  3 yellow draconians
  16 eidola
  11 chaos champions
  12 black suns
  14 lorocyprocas
  4 mottled draconians
  8 ettins
  A dire elephant (shapeshifter) (Zig:24)
  5 purple draconians
  An unborn (Abyss:5)
  19 deep elf death magi
  Snorg (D:15)
  28 merfolk javelineers
  A spectral quicksilver dragon (Zig:18)
  13 jiangshi
  38 blizzard demons
  14 fire dragons
  A crystal guardian (Abyss:5)
  10 mummy priests
  28 vault guards
  23 merfolk impalers
  7 death oozes
  26 green deaths
  5 quicksilver dragon zombies
  7 sirens
  9 great orbs of eyes
  3 minotaurs
  27 ironheart preservers
  5 death cobs
  A siren (shapeshifter) (Vaults:2)
  17 yaktaur captains
  20 deep elf high priests
  27 ice dragons
  A spectral tengu (Zig:18)
  34 hydras
  12 rakshasas
  A quicksilver dragon skeleton (Zig:23)
  Harold (D:12)
  3 dancing weapons
  20 naga warriors
  23 monstrous demonspawn
  A shambling mangrove (Zig:20)
  A ravenous item mimic (Depths:4)
  9 spriggan air magi
  Erica (D:15)
  7 deep troll earth magi
  3 ravenous feature mimics
  5 alligator snapping turtles
  35 merfolk aquamancers
  2 alligator snapping turtles (shapeshifter)
  2 satyrs
  18 anacondas
  29 death yaks
  19 ogre magi
  7 alligators
  14 vampire magi
  3 tengu warriors
  69 large abominations
  2 spriggan berserkers
  16 deep troll shamans
  51 orc high priests
  2 shock serpents (shapeshifter)
  6 death knights
  6 titan zombies
  4 holy swine (Pan)
  A spectral spriggan (Zig:23)
  14 thrashing horrors (Abyss:5)
  9 centaur warriors
  4 hell hogs
  57 sun demons
  31 soul eaters
  19 shock serpents
  An iron troll (shapeshifter) (Zig:24)
  18 shadow wraiths
  9 iron golems
  5 catoblepae
  2 storm dragon zombies (Zig:21)
  A spriggan (Zig:15)
  27 very ugly things
  22 naga sharpshooters
  11 salamander mystics
  3 titan skeletons
  7 wretched stars
  The ghost of hurdos the Grappler, an experienced TrTm of Makhleb (D:8)
  38 deep elf knights
  2 fire crabs
  67 skeletal warriors
  7 unseen horrors
  A quicksilver dragon simulacrum (Zig:16)
  2 storm dragon skeletons
  6 golden dragon zombies
  7 hell knights
  7 spatial maelstroms
  A ghost moth zombie (Dis:7)
  17 hell beasts
  6 death drakes
  52 ice devils
  8 spriggan druids
  12 anaconda zombies
  11 giant orange brains
  31 torturous demonspawn
  37 gelid demonspawn
  29 infernal demonspawn
  16 shadow demons
  An orb spider (shapeshifter) (Vaults:1)
  18 flayed ghosts
  11 naga ritualists
  50 iron trolls
  A lindwurm (shapeshifter) (Zig:21)
  A spectral hydra (Zig:18)
  4 ice statues
  22 swamp dragons
  A giant orange brain (shapeshifter) (Vaults:5)
  33 sea snakes
  5 shadow dragon zombies
  7 tengu zombies
  7 hill giants
  44 deep trolls
  Pikel (D:5)
  28 deep elf summoners
  26 putrid demonspawn
  2 swamp dragons (shapeshifter)
  2 hill giants (shapeshifter)
  2 golden dragon skeletons
  5 anaconda skeletons
  20 hellions
  2 sphinx zombies
  20 ironbrand convokers
  2 lindwurms (Depths:2)
  18 harpies
  3 orb spiders
  22 water nymphs
  2 wolf spider zombies
  11 mana vipers
  22 griffons
  33 orc sorcerers
  4 salamanders
  A mana viper (shapeshifter) (Vaults:5)
  66 sixfirhies
  A faun (shapeshifter) (Zig:17)
  16 orc knights
  3 shadow dragon skeletons
  A tengu skeleton (Vaults:2)
  3 oklob plants (Zig:18)
  34 deep elf conjurers
  18 necromancers
  6 iron dragon zombies
  6 stone giant zombies
  21 phantasmal warriors
  3 fire giant zombies
  A sphinx skeleton (Zig:23)
  5 frost giant zombies
  16 cyclopes
  A manticore (shapeshifter) (Zig:24)
  7 fauns
  19 moths of wrath
  An iron dragon skeleton (Zig:23)
  4 worldbinders
  A wolf spider (shapeshifter) (Zig:6)
  77 black mambas
  A red wasp (Zig:15)
  6 wolf spiders
  14 wizards
  4 fire giant skeletons
  24 manticores
  3 octopodes (shapeshifter)
  2 elephants
  25 guardian serpents
  10 shining eyes
  67 smoke demons
  A black mamba (shapeshifter) (D:15)
  A mermaid (shapeshifter) (Zig:24)
  2 stone giant skeletons (Coc:7)
  2 eyes of devastation
  3 titan simulacra (Coc:7)
  4 frost giant skeletons
  2 dire elephant zombies
  22 mermaids
  7 storm dragon simulacra
  10 efreet
  A queen ant (shapeshifter) (Zig:24)
  17 vault sentinels
  A gargoyle (D:12)
  57 naga magi
  4 feature mimics
  An orange crystal statue (Zig:16)
  12 apocalypse crabs
  79 orange demons
  8 komodo dragons
  55 yaktaurs
  A merfolk zombie (Zig:27)
  2 emperor scorpion zombies
  A queen ant (Lair:5)
  20 spiny frogs
  An item mimic (Elf:1)
  2 spriggan skeletons
  A yaktaur (shapeshifter) (Zig:24)
  16 demonic crawlers
  37 tormentors
  An elf (shapeshifter) (D:15)
  32 freezing wraiths
  57 hellwings
  57 iron devils
  5 anaconda simulacra
  42 removed MONS_BROWN_OOZEs
  9 tengu conjurers
  16 ancient zymes
  2 iron troll zombies (Zig:22)
  A troll (shapeshifter) (D:15)
  46 blue devils
  A ghoul skeleton (Zig:18)
  3 yaktaur skeletons
  A spiny frog (shapeshifter) (Vaults:1)
  21 deep elf priests
  2 wandering mushrooms (Zot:5)
  9 fire drakes
  41 guardian mummies
  2 removed
  MONS_FIREFLYs (Zig:15)
  A queen bee (Lair:7)
  2 spectral glowing shapeshifters (Zig:23)
  An iron troll skeleton (Vaults:2)
  7 guardian golems
  3 kobold demonologists
  2 silent spectres (Zig:12)
  55 merfolk
  86 red devils
  19 trolls
  15 boggarts
  3 golden dragon simulacra (Depths:3)
  10 wind drakes
  A queen bee (shapeshifter) (Vaults:4)
  4 fire vortices
  Sonja (D:12)
  6 hydra zombies
  36 two-headed ogres
  A jumping spider (shapeshifter) (Zig:21)
  A giant leech (Zig:20)
  A boggart (shapeshifter) (Depths:2)
  4 jumping spiders
  A shadow dragon simulacrum (Zig:25)
  17 polar bears
  2 tengu simulacra (Zig:16)
  A wind drake (shapeshifter) (Depths:1)
  9 ravens
  4 hydra skeletons
  26 snapping turtles
  10 bog bodies
  2 deep troll zombies (Depths:1)
  46 slime creatures
  3 ettin zombies
  3 fire dragon zombies
  12 boulder beetles
  2 basilisks
  7 spriggan zombies
  47 deep elf magi
  4 alligator zombies
  46 blink frogs
  2 stone giant simulacra
  10 air elementals
  A fire giant simulacrum (Abyss:5)
  34 raiju
  45 wraiths
  2 ice dragon skeletons
  13 wyverns
  52 flying skulls
  A raven (shapeshifter) (Vaults:4)
  28 water elementals
  12 redbacks
  A dire elephant simulacrum (Abyss:5)
  9 tarantellas
  An alligator skeleton (Coc:7)
  45 ynoxinuls
  16 removed MONS_SHARKs
  A tarantella (shapeshifter) (Zig:10)
  A black mamba skeleton (Dis:4)
  2 elephant slugs
  4 ettin skeletons
  2 trapdoor spiders (shapeshifter)
  The ghost of tabulaattori the Chopper, an average DDBe of Trog (D:4)
  20 hippogriffs
  15 vampires
  15 shadows
  2 trapdoor spiders
  29 chaos spawn
  12 hungry ghosts
  A spriggan simulacrum (Depths:3)
  56 neqoxecs
  27 vampire mosquitoes
  6 steam dragons
  64 ugly things
  A hill giant zombie (D:15)
  62 yaks
  A human (Zig:14)
  54 deep elf fighters
  9 fire elementals
  A wolf (shapeshifter) (Elf:2)
  A hill giant skeleton (D:14)
  13 golden eyes
  60 nagas
  27 wolves
  8 spatial vortices (Abyss:5)
  A mottled dragon (Zig:9)
  A harpy simulacrum (Depths:2)
  42 water moccasins
  21 soldier ants
  3 hydra simulacra (Coc:7)
  2 merfolk skeletons
  25 small abominations
  3 spiny frog zombies
  2 ogre skeletons
  27 hell hounds
  32 wargs
  3 slaves (D:5)
  A spiny frog skeleton (Hell)
  A yellow wasp (D:7)
  6 swamp drakes
  A deep troll skeleton (Vaults:2)
  9 necrophages
  9 porcupines
  5 sky beasts
  2 elf simulacra
  A human simulacrum (Vaults:1)
  An ettin simulacrum (Vaults:5)
  3 phantoms
  A snapping turtle zombie (Dis:7)
  164 orc warriors
  The ghost of hurdos the Chopper, an average HOBe of Trog (Sewer)
  2 black bears
  27 ice beasts
  A sky beast (shapeshifter) (Depths:1)
  A spider (Zig:5)
  8 human zombies
  A swamp dragon zombie (Dis:7)
  A boring beetle (shapeshifter) (Elf:1)
  A fire dragon simulacrum (D:14)
  7 elf zombies
  2 boring beetles
  86 ogres
  A big kobold (shapeshifter) (Abyss:5)
  21 centaurs
  2 human skeletons (Vaults:2)
  5 lost souls
  A removed MONS_LAVA_WORM (Orc:4)
  2 big kobolds (Depths:1)
  8 spectral elves
  9 removed MONS_GIANT_SLUGs
  31 crocodiles
  A fire crab zombie (Vaults:1)
  A yaktaur zombie (D:15)
  A brain worm (Abyss:5)
  Blork the orc (D:7)
  2 naga zombies (Zig:27)
  2 spiny frog simulacra
  14 eyes of draining
  3 insubstantial wisps
  4 scorpions
  19 giant frogs
  5 troll zombies
  6 warg zombies
  An eye of draining (shapeshifter) (Vaults:4)
  37 killer bees
  12 electric eels
  5 goliath beetles
  16 crimson imps
  7 hounds
  39 wights
  6 quasits
  2 removed
  MONS_PULSATING_LUMPs (Zig:25)
  37 orc priests
  2 centaur zombies
  6 removed MONS_BIG_FISHs
  A gnoll shaman (D:4)
  20 jellies
  A black bear skeleton (D:7)
  52 orc wizards
  A soldier ant zombie (D:11)
  A two-headed ogre skeleton (D:9)
  24 worker ants
  6 elf skeletons
  57 iron imps
  17 iguanas
  23 orange rats
  A lightning spire (Zig:10)
  A killer bee zombie (D:9)
  A troll simulacrum (D:14)
  24 sheep
  7 ogre zombies
  A naga skeleton (Abyss:4)
  46 mummies
  35 adders
  An orange rat zombie (Hell)
  67 orc zombies
  9 gnolls
  24 green rats
  An inept feature mimic (D:6)
  A steam dragon skeleton (D:6)
  4 giant mites
  12 shadow imps
  13 white imps
  3 worms
  69 ufetubi
  An iguana zombie (D:7)
  5 giant eyeballs
  10 giant geckos
  388 orcs
  11 ball pythons
  2 giant cockroaches
  21 hobgoblins
  23 jackals
  11 quokkas
  15 bats
  A giant newt (shapeshifter) (D:15)
  19 giant newts
  4 giant spores
  44 goblins
  4 goblin zombies
  A hobgoblin skeleton (D:6)
  2 hobgoblin zombies (Zig:20)
  12 kobolds
  A kobold skeleton (D:3)
  2 lurking horrors (Abyss:5)
  2 orc skeletons
  A quokka skeleton (D:9)
  26 rats
  A spectral orc (D:2)
  5 ballistomycetes
  22 briar patches
  2 bushes
  20 butterflies (Pan)
  20 crawling corpses
  12 fungi
  3 grand avatars
  41 plants
  7 starspawn tentacles
  4 starspawn tentacle segments
  7 tentacles
7453 creatures vanquished.

Vanquished Creatures (collateral kills)
  2 pandemonium lords
  2 ancient liches
  A greater mummy (Zig:23)
  Margery (Depths:4)
  A Killer Klown (Zot:5)
  A bone dragon (Zig:18)
  An Orb Guardian (Zot:5)
  A tentacled monstrosity (Vaults:5)
  2 Ice Fiends (Coc:7)
  A quicksilver dragon (Zig:26)
  2 deep elf blademasters
  A quicksilver dragon (shapeshifter) (Zig:24)
  An acid blob (Slime:6)
  3 storm dragons
  A lich (Vaults:5)
  A blood saint (Pan)
  A revenant (Zig:18)
  A corrupter (Pan)
  A draconian monk (Zig:14)
  A balrug (Pan)
  3 greater nagas
  2 frost giants
  An iron dragon (Depths:2)
  3 orc warlords
  2 cacodemons
  A draconian zealot (Zig:14)
  2 vault wardens
  A war gargoyle (Depths:3)
  3 stone giants
  A vampire knight (Pan)
  2 deep elf annihilators
  A yellow draconian (Zot:5)
  2 vault guards (Vaults:5)
  A merfolk javelineer (Shoals:5)
  An ettin (Vaults:3)
  A jiangshi (Zig:18)
  A great orb of eyes (Slime:6)
  2 ironheart preservers
  A kraken zombie (Coc:7)
  2 naga warriors (Snake:5)
  An ogre mage (Vaults:3)
  A monstrous demonspawn (Pan)
  2 alligator snapping turtles
  A death yak (Depths:5)
  2 naga sharpshooters
  A spectral elf (Elf:3)
  A spectral storm dragon (Zig:23)
  2 orc high priests (Zig:23)
  3 very ugly things
  2 storm dragon zombies
  A hell hog (Hell)
  A wretched star (Abyss:5)
  A catoblepas (Depths:2)
  A deep elf knight (Depths:3)
  A centaur warrior (Vaults:2)
  A skeletal warrior (Coc:7)
  A golden dragon zombie (Zig:21)
  A deep troll (Vaults:1)
  3 infernal demonspawn (Pan)
  A kraken simulacrum (Coc:7)
  10 large abominations
  A flayed ghost (Zig:12)
  A gelid demonspawn (Pan)
  A torturous demonspawn (Pan)
  2 shadow dragon zombies
  A wolf spider zombie (Coc:7)
  2 harpies
  A griffon (Zig:22)
  A sphinx zombie (Zig:23)
  An iron dragon zombie (Zig:21)
  3 orc sorcerers
  A tengu skeleton (Vaults:2)
  A stone giant zombie (Zig:22)
  2 shadow dragon skeletons
  4 sixfirhies (Pan)
  An eye of devastation (Zig:25)
  2 elf zombies (Zig:21)
  An apocalypse crab (Abyss:5)
  3 smoke demons
  3 frost giant skeletons
  A vault sentinel (Vaults:3)
  A demonspawn zombie (Zig:27)
  A phantasmal warrior (Zig:25)
  2 anaconda simulacra (Coc:7)
  2 demonic crawlers
  2 yaktaurs
  2 hell beasts (Pan)
  A hellwing (Pan)
  A red devil (Depths:3)
  A tengu conjurer (Zig:27)
  A silent spectre (Zig:25)
  3 guardian mummies (Zig:23)
  4 blue devils
  3 boggarts
  A two-headed ogre (Vaults:3)
  A boulder beetle (Zig:13)
  A sphinx simulacrum (Zig:23)
  A human zombie (Vaults:5)
  A baby alligator (shapeshifter) (Abyss:5)
  5 removed MONS_BROWN_OOZEs
  4 raiju (Abyss:5)
  3 ynoxinuls (Pan)
  2 air elementals (Depths:2)
  2 water elementals
  A shadow (Depths:3)
  4 deep elf fighters
  A redback (Zig:11)
  A deep elf mage (Zig:19)
  3 golden eyes (Slime:6)
  A hippogriff (D:12)
  An ugly thing (Vaults:2)
  A warg (Zig:7)
  2 elf simulacra
  4 neqoxecs (Pan)
  A naga (Snake:2)
  2 hydra simulacra (Coc:7)
  2 water moccasins
  3 vampire mosquitoes (Vaults:3)
  3 orc warriors (Zig:23)
  7 small abominations (Abyss:5)
  A spiny frog skeleton (Coc:7)
  7 ogres
  7 starcursed masses
  A centaur (Zig:26)
  An ice beast (Coc:1)
  A quasit (D:12)
  3 wights
  7 jellies
  An orc priest (Zig:7)
  4 orange rats
  An orc wizard (Zig:20)
  An ogre zombie (Vaults:1)
  16 mummies
  A shadow imp (Depths:5)
  A green rat (Zig:8)
  3 white imps
  21 ufetubi
  23 orcs
  3 hobgoblins
  2 goblins
  A goblin zombie (Zig:23)
  20 orc zombies
  11 crawling corpses
  3 starspawn tentacles (Abyss:5)
352 creatures vanquished.

Vanquished Creatures (others)
  A spriggan air mage (Depths:3)
  A vampire mage (Zig:12)
  A storm dragon zombie (Zig:21)
  A smoke demon (Elf:3)
  9 guardian golems
  2935 fire vortices
  A slime creature (D:14)
  3 flying skulls (Zig:23)
  A shadow (Zig:12)
  A necrophage (Zig:21)
  4 lost souls (Zig:23)
  2 lightning spires
  A mummy (Zig:23)
  An orc skeleton (D:10)
  4 lurking horrors
  2 crawling corpses
  33 eldritch tentacle segments (Pan)
  19 fungi
  6 plants
  36 starspawn tentacles
  276 starspawn tentacle segments
  20 tentacles
  139 tentacle segments
3497 creatures vanquished.

Grand Total: 11302 creatures vanquished

Notes
Turn   | Place    | Note
--------------------------------------------------------------
     0 | D:1      | tabulaattori, the Deep Elf Fire Elementalist, began the quest for the Orb.
     0 | D:1      | Reached XP level 1. HP: 10/10 MP: 5/5
   495 | D:1      | Reached XP level 2. HP: 15/15 MP: 3/8
  1030 | D:2      | Reached skill level 4 in Fire Magic
  1030 | D:2      | Reached XP level 3. HP: 17/19 MP: 4/11
  1129 | D:2      | Found a shadowy altar of Dithmenos.
  1598 | D:2      | Found a basalt altar of Yredelemnul.
  1606 | D:2      | Learned a level 3 spell: Conjure Flame
  2098 | D:3      | Found a glowing drain.
  2124 | D:3      | Reached XP level 4. HP: 17/24 MP: 6/14
  2202 | Sewer    | Entered a sewer
  2337 | Sewer    | Noticed hurdos' ghost (average HOBe)
  2349 | Sewer    | Killed hurdos' ghost
  2349 | Sewer    | Reached skill level 5 in Fire Magic
  2349 | Sewer    | Reached XP level 5. HP: 28/28 MP: 6/18
  2586 | Sewer    | Learned a level 3 spell: Inner Flame
  2591 | Sewer    | Learned a level 4 spell: Sticky Flame
  3087 | D:3      | Reached XP level 6. HP: 32/32 MP: 17/20
  3599 | D:4      | Noticed a two-headed ogre
  3613 | D:4      | Killed a two-headed ogre
  3613 | D:4      | Reached skill level 5 in Spellcasting
  3613 | D:4      | Reached skill level 5 in Conjurations
  3613 | D:4      | Reached skill level 6 in Fire Magic
  3613 | D:4      | Reached XP level 7. HP: 30/36 MP: 11/22
  4032 | D:4      | Noticed tabulaattori's ghost (average DDBe)
  4079 | D:4      | Killed tabulaattori's ghost
  4079 | D:4      | Reached skill level 7 in Fire Magic
  4439 | D:5      | Entered Level 5 of the Dungeon
  4764 | D:5      | Found a staircase to the Ecumenical Temple.
  4786 | Temple   | Entered the Ecumenical Temple
  4826 | Temple   | Became a worshipper of Vehumet
  5106 | D:5      | Learned a level 5 spell: Fireball
  5151 | D:5      | Reached XP level 8. HP: 41/41 MP: 25/25
  5197 | D:5      | Noticed Pikel
  5203 | D:5      | Killed Pikel
  5203 | D:5      | Reached skill level 8 in Fire Magic
  5385 | D:5      | Found a glowing golden altar of the Shining One.
  5945 | D:6      | Reached skill level 9 in Fire Magic
  5945 | D:6      | Reached XP level 9. HP: 40/45 MP: 19/27
  6381 | D:7      | Noticed Blork the orc
  6402 | D:7      | Killed Blork the orc
  6546 | D:7      | Acquired Vehumet's first power
  6546 | D:7      | Offered knowledge of Magic Dart by Vehumet.
  6569 | D:7      | Found a white marble altar of Elyvilon.
  6765 | D:7      | Paralysed by a giant eyeball for 3 turns
  6934 | D:7      | Found a shattered altar of Ashenzari.
  7096 | D:7      | Found a white marble altar of Elyvilon.
  7350 | D:7      | Reached skill level 10 in Fire Magic
  7637 | D:8      | Paralysed by a giant eyeball for 3 turns
  7925 | D:8      | Found a staircase to the Lair.
  7945 | Lair:1   | Entered Level 1 of the Lair of Beasts
  7967 | Lair:1   | Reached skill level 10 in Conjurations
  7967 | Lair:1   | Reached XP level 10. HP: 30/50 MP: 5/30
  8048 | Lair:1   | Noticed Gastronok
  8050 | Lair:1   | Noticed a spiny frog
  8189 | Lair:1   | Killed a spiny frog
  8189 | Lair:1   | Reached skill level 1 in Shields
  8386 | Lair:1   | Offered knowledge of Sandblast by Vehumet.
  8427 | Lair:1   | Reached skill level 5 in Shields
  8459 | Lair:1   | Noticed a komodo dragon
  8462 | Lair:1   | Killed a komodo dragon
  8897 | Lair:1   | Killed Gastronok
  8897 | Lair:1   | Reached skill level 11 in Fire Magic
  9375 | Lair:2   | Reached XP level 11. HP: 42/54 MP: 22/32
  9423 | Lair:2   | Reached skill level 10 in Spellcasting
  9441 | Lair:2   | Offered knowledge of Stone Arrow by Vehumet.
  9446 | Lair:2   | Learned a level 3 spell: Stone Arrow
  9697 | Lair:2   | Learned a level 2 spell: Sublimation of Blood
  9703 | Lair:2   | Learned a level 5 spell: Agony
  9751 | Lair:2   | Reached skill level 1 in Necromancy
 10065 | Lair:3   | Got a distressingly furry robe
 10072 | Lair:3   | Identified the cursed +0 robe "Stroizu" {rElec Dex+1} (You found it on level 3 of the Lair of Beasts)
 10223 | Lair:3   | Acquired Vehumet's second power
 10405 | Lair:3   | Offered knowledge of Airstrike by Vehumet.
 10408 | Lair:3   | Reached skill level 5 in Necromancy
 11210 | Lair:4   | Noticed an eight-headed hydra
 11214 | Lair:4   | Killed an eight-headed hydra
 11289 | Lair:4   | Noticed a four-headed hydra
 11459 | Lair:4   | Killed a four-headed hydra
 11459 | Lair:4   | Reached skill level 12 in Fire Magic
 11915 | Lair:5   | Acquired Vehumet's third power
 11915 | Lair:5   | Reached XP level 12. HP: 59/59 MP: 9/33
 12110 | Lair:5   | Offered knowledge of Bolt of Magma by Vehumet.
 12403 | Lair:5   | Found a staircase to the Snake Pit.
 12935 | Lair:5   | Offered knowledge of Lee's Rapid Deconstruction by Vehumet.
 12935 | Lair:5   | Reached skill level 13 in Fire Magic
 12941 | Lair:5   | Learned a level 4 spell: Summon Guardian Golem
 12993 | Lair:5   | Reached skill level 1 in Hexes
 13245 | Lair:5   | Reached skill level 1 in Summonings
 13434 | Lair:5   | Noticed an eight-headed hydra
 13437 | Lair:5   | Killed an eight-headed hydra
 13630 | Lair:5   | Reached skill level 5 in Hexes
 13763 | Lair:5   | Reached skill level 5 in Summonings
 14281 | Lair:5   | Found a staircase to the Shoals.
 14789 | Lair:6   | Reached XP level 13. HP: 57/63 MP: 24/34
 14973 | Lair:6   | Found an iron altar of Okawaru.
 15229 | Lair:6   | Offered knowledge of Poisonous Cloud by Vehumet.
 16393 | Lair:7   | Identified a scroll of acquirement
 16394 | Lair:7   | Got a jewelled helmet
 16398 | Lair:7   | Identified the +5 helmet of San Gana {+Blink rC+} (You acquired it on level 7 of the Lair of Beasts)
 16616 | Lair:1   | Learned a level 4 spell: Summon Lightning Spire
 17367 | Lair:8   | Entered Level 8 of the Lair of Beasts
 17485 | Lair:8   | Noticed tabulaattori's ghost (powerful MiMo)
 17547 | Lair:8   | Reached skill level 14 in Fire Magic
 17676 | Lair:8   | Found a staircase to the Slime Pits.
 17677 | Lair:8   | Got a brightly glowing flail
 17680 | Lair:8   | Identified the cursed +0,-1 flail of the Twelve Gods {venom, rPois Stlth+} (You found it on level 8 of the Lair of Beasts)
 17718 | Lair:8   | Killed tabulaattori's ghost
 17866 | Lair:8   | Offered knowledge of Ignite Poison by Vehumet.
 18088 | Lair:8   | Reached XP level 14. HP: 68/68 MP: 20/36
 18571 | Lair:8   | Got a transparent trident
 18572 | Lair:8   | Identified the cursed +3,+3 trident "Ybau" {freeze, rF+ Str+2 Dex+3} (You found it on level 8 of the Lair of Beasts)
 19031 | Lair:8   | Noticed a dire elephant
 19034 | Lair:8   | Killed a dire elephant
 19163 | Lair:8   | Found a burning altar of Makhleb.
 19459 | Lair:8   | Reached skill level 15 in Fire Magic
 19710 | Lair:8   | Noticed a dire elephant
 19723 | Lair:8   | Killed a dire elephant
 19723 | Lair:8   | Reached skill level 15 in Conjurations
 19935 | Lair:8   | Found a gateway to Hell.
 20394 | D:8      | Found a glowing silver altar of Zin.
 20476 | D:8      | Found a burning altar of Makhleb.
 20479 | D:8      | Found a glowing golden altar of the Shining One.
 20488 | D:8      | Found Tionic's Magic Scroll Shop.
 20594 | D:8      | Offered knowledge of Force Lance by Vehumet.
 20597 | D:8      | Noticed hurdos' ghost (experienced TrTm)
 20599 | D:8      | Killed hurdos' ghost
 20986 | D:9      | Got a smoking leather armour
 20993 | D:9      | Identified the +1 leather armour of Tartarus {rPois rF+ Str+3 Int-1} (You found it on level 9 of the Dungeon)
 21169 | D:10     | Entered Level 10 of the Dungeon
 21306 | D:10     | Found a portal to a secret trove of treasure.
 22303 | D:11     | Found a staircase to the Orcish Mines.
 22929 | D:12     | Noticed Harold
 22945 | D:12     | Killed Harold
 22999 | D:12     | Reached XP level 15. HP: 55/72 MP: 30/39
 23017 | D:12     | Noticed Sonja
 23021 | D:12     | Killed Sonja
 23028 | D:12     | Offered knowledge of Poison Arrow by Vehumet.
 23099 | D:12     | Found Cowosekoupt's Gadget Boutique.
 23131 | D:12     | Found a labyrinth entrance.
 23142 | Lab      | Entered a labyrinth
 23542 | Lab      | Got an ebony falchion
 23543 | Lab      | Identified the cursed -1,-2 falchion of the Doomed Warrior {venom, MR+ Dex+1 Int-2} (You found it in a labyrinth)
 23563 | D:12     | Found Odewogos' Distillery.
 23583 | D:12     | Learned a level 6 spell: Poison Arrow
 23593 | D:12     | Bought a potion of mutation for 37 gold pieces
 23710 | D:12     | Learned a level 2 spell: Swiftness
 23876 | D:10     | You paid a toll of a wand of heal wounds (9) to enter a treasure trove
 23877 | Trove    | Entered a treasure trove
 23892 | Trove    | Got a glittering graven amulet
 23914 | Trove    | Got a transparent amethyst amulet
 23941 | Trove    | Got a pitted halberd
 24008 | Trove    | Identified the amulet "Tunlaamp" {Cons +Rage Acc+6} (You found it in a treasure trove)
 24092 | D:8      | Bought a scroll of identify for 28 gold pieces
 24092 | D:8      | Bought a scroll of identify for 28 gold pieces
 24093 | D:8      | Identified the amulet of Ustret {+Rage Dex+4} (You found it in a treasure trove)
 24226 | Orc:1    | Entered Level 1 of the Orcish Mines
 24979 | Orc:2    | Offered knowledge of Spellforged Servitor by Vehumet.
 25298 | Orc:2    | Found a burning altar of Makhleb.
 25445 | Orc:3    | Reached skill level 15 in Spellcasting
 25631 | Orc:4    | Entered Level 4 of the Orcish Mines
 25631 | Orc:4    | Found Ycoagedgh's Antique Armour Boutique.
 25722 | Orc:4    | Found Gheutig's Antique Weapon Boutique.
 25807 | Orc:3    | Offered knowledge of Iron Shot by Vehumet.
 25855 | Orc:3    | Reached skill level 16 in Spellcasting
 25879 | Orc:3    | Found a staircase to the Elven Halls.
 26110 | Orc:4    | Found Koshraoti's Jewellery Boutique.
 26657 | Orc:4    | Found Afism's General Store.
 26958 | Orc:4    | Upgraded the game from 0.15-a0-348-gfef1ba5 to 0.15-a0-357-gf0ffff9
 26958 | Orc:4    | Upgraded the game from 0.15-a0-357-gf0ffff9 to 0.15-a0-756-g319e367
 27236 | D:12     | Reached skill level 17 in Spellcasting
 27924 | D:13     | Found a gate to the Vaults.
 27939 | D:13     | Reached skill level 18 in Spellcasting
 28208 | D:13     | Learned a level 6 spell: Iron Shot
 28215 | D:13     | Offered knowledge of Lehudib's Crystal Spear by Vehumet.
 28215 | D:13     | Offered knowledge of Fire Storm by Vehumet.
 28215 | D:13     | Offered knowledge of Chain Lightning by Vehumet.
 28684 | D:14     | Noticed Louise
 28696 | D:14     | Killed Louise
 28794 | D:14     | Found a frozen archway.
 28807 | IceCv    | Entered an ice cave
 28892 | IceCv    | Reached XP level 16. HP: 76/76 MP: 41/41
 29265 | IceCv    | Reached skill level 19 in Spellcasting
 29573 | IceCv    | Got a warped crossbow
 29798 | IceCv    | Identified the +6,+8 crossbow of Doom {speed, SInv Stlth++} (You found it in an ice cave)
 30393 | D:15     | Entered Level 15 of the Dungeon
 30401 | D:14     | Learned a level 4 spell: Throw Icicle
 30433 | D:14     | Reached skill level 1 in Ice Magic
 30835 | D:15     | Noticed Snorg
 30841 | D:15     | Killed Snorg
 30904 | D:15     | Noticed Azrael
 30915 | D:15     | Killed Azrael
 31695 | D:15     | Noticed Erica
 31703 | D:15     | Killed Erica
 32028 | D:15     | Found a staircase to the Depths.
 32387 | Snake:1  | Entered Level 1 of the Snake Pit
 32722 | Snake:1  | Found Shutton's Jewellery Shop.
 32729 | Snake:1  | Bought the ring of the Mage {Wiz MR++ Int+3} for 775 gold pieces
 33229 | Snake:2  | Noticed Vashnia
 33239 | Snake:2  | Killed Vashnia
 33730 | Snake:2  | Reached XP level 17. HP: 55/80 MP: 10/43
 34939 | Snake:3  | Noticed Aizul
 34962 | Snake:3  | Killed Aizul
 35293 | Snake:3  | Noticed Nikola
 35330 | Snake:3  | Killed Nikola
 35430 | Snake:3  | Got a polished mace
 35431 | Snake:3  | Identified the +2,+7 mace of Quarrel {vamp, Int+3} (You found it on level 3 of the Snake Pit)
 35932 | Snake:4  | Noticed Wiglaf
 35941 | Snake:4  | Killed Wiglaf
 36211 | Snake:4  | Found a gateway to a bazaar.
 36220 | Bazaar   | Entered a bazaar
 36220 | Bazaar   | Found Cleu's General Store.
 36227 | Bazaar   | Found Phanept's Gadget Emporium.
 36233 | Bazaar   | Found Suankuu's Magic Scroll Emporium.
 36245 | Bazaar   | Found Tuudwot's Antique Weapon Boutique.
 36257 | Bazaar   | Found Ynuat's Antique Armour Shoppe.
 36288 | Bazaar   | Bought a shimmering swamp dragon armour for 1430 gold pieces
 36299 | Bazaar   | Identified the +5 swamp dragon armour "Traumn" {rPois Str-3 Int+1} (You bought it in a shop in a bazaar)
 36327 | Bazaar   | Bought a scroll of identify for 28 gold pieces
 36327 | Bazaar   | Bought a scroll of remove curse for 42 gold pieces
 36327 | Bazaar   | Bought a scroll of amnesia for 49 gold pieces
 36339 | Bazaar   | Learned a level 9 spell: Fire Storm
 36399 | Snake:4  | Found a shimmering altar of Xom.
 36935 | Snake:5  | Entered Level 5 of the Snake Pit
 37367 | Snake:5  | Reached XP level 18. HP: 76/85 MP: 10/43
 38696 | Snake:5  | Got a serpentine rune of Zot
 39267 | Lair:1   | Upgraded the game from 0.15-a0-756-g319e367 to 0.15-a0-773-g3a4c672
 39393 | Vaults:1 | Entered Level 1 of the Vaults
 39987 | Vaults:1 | Found Skuennad's Book Emporium.
 39988 | Vaults:1 | Reached skill level 20 in Conjurations
 40484 | Vaults:1 | Found Xotiy's Armour Boutique.
 40498 | Vaults:1 | Bought a +1 pair of boots of running for 620 gold pieces
 40811 | Vaults:2 | Noticed Saint Roka
 40812 | Vaults:2 | Noticed Xtahua
 40816 | Vaults:2 | Killed Saint Roka
 40834 | Vaults:2 | Killed Xtahua
 41017 | Vaults:2 | Reached XP level 19. HP: 89/89 MP: 28/44
 41314 | Vaults:2 | Reached skill level 21 in Conjurations
 41822 | Vaults:2 | Found Strellon's Gadget Boutique.
 42430 | Vaults:2 | Found a staircase to the Crypt.
 43141 | Vaults:3 | Upgraded the game from 0.15-a0-773-g3a4c672 to 0.15-a0-809-g8e1b895
 44325 | Vaults:4 | Noticed Zernach's ghost (great FoFi)
 44494 | Vaults:4 | Reached skill level 22 in Spellcasting
 44920 | Vaults:4 | Reached XP level 20. HP: 82/94 MP: 8/46
 44928 | Vaults:4 | HP: 2/94 [something (5)]
 44977 | Vaults:4 | Reached skill level 23 in Spellcasting
 45561 | Vaults:4 | Found Plog's Food Emporium.
 45615 | Vaults:4 | Found a staircase to the Hall of Blades.
 45782 | Vaults:4 | Reached skill level 24 in Spellcasting
 46109 | Vaults:4 | Killed Zernach's ghost
 47395 | Elf:1    | Entered Level 1 of the Elven Halls
 47431 | Elf:1    | Found a radiant altar of Vehumet.
 48349 | Elf:2    | Noticed Agnes
 48527 | Elf:2    | Killed Agnes
 48527 | Elf:2    | Reached skill level 25 in Spellcasting
 48742 | Elf:2    | Found Ima Pnuff's Book Shoppe.
 49054 | Elf:3    | Entered Level 3 of the Elven Halls
 49524 | Elf:3    | Reached skill level 26 in Spellcasting
 49532 | Elf:3    | Reached XP level 21. HP: 92/98 MP: 48/48
 49754 | Elf:3    | Got a shimmering tin ring
 49772 | Elf:3    | Identified the ring of Khafedao {rF+ Dex+1 Acc+2} (You found it on level 3 of the Elven Halls)
 49823 | Elf:3    | Learned a level 7 spell: Spellforged Servitor
 49830 | Elf:3    | Learned a level 6 spell: Haste
 49853 | Elf:3    | Reached skill level 1 in Charms
 49857 | Elf:3    | Got a fine buckler
 49863 | Elf:3    | Identified the cursed -2 buckler of the Shining Light {Dex+2} (You found it on level 3 of the Elven Halls)
 49873 | Elf:3    | Identified Qeileu's Catalogue of the Entourage
 49878 | Elf:3    | Learned a level 3 spell: Abjuration
 49884 | Elf:3    | Got a dazzling flail
 49885 | Elf:3    | Identified the +5,+8 flail of Massacring {antimagic, Contam SInv Stlth+} (You found it on level 3 of the Elven Halls)
 49905 | Elf:3    | Identified the Almanac of Evil and Displacement
 49916 | Elf:3    | Got a pair of warped boots
 49920 | Elf:3    | Identified the +0 pair of boots "Yrcheproanu" {Int+1 Acc+5} (You found it on level 3 of the Elven Halls)
 49933 | Elf:3    | Identified the Catalogue of Orientation
 49937 | Elf:3    | Got an iridescent spear
 49938 | Elf:3    | Identified the +10,-1 spear "Thui" {freeze, rElec rF+ Stlth+} (You found it on level 3 of the Elven Halls)
 49943 | Elf:3    | Got a warped shortbow
 49982 | Elf:3    | Learned a level 2 spell: Blink
 50611 | Vaults:5 | Entered Level 5 of the Vaults
 50618 | Vaults:5 | Reached skill level 5 in Charms
 50643 | Vaults:5 | Reached skill level 27 in Spellcasting
 50644 | Vaults:5 | Reached skill level 1 in Translocations
 50660 | Vaults:5 | Reached skill level 5 in Translocations
 50708 | Vaults:5 | Reached skill level 10 in Necromancy
 50837 | Vaults:5 | Reached XP level 22. HP: 97/103 MP: 21/49
 51495 | Vaults:5 | Got a fine golden ring
 51531 | Vaults:5 | Got a jewelled leather armour
 51548 | Vaults:5 | Identified the +2 leather armour of Tewaisel {Str+4} (You found it on level 5 of the Vaults)
 51580 | Vaults:5 | Got a silver rune of Zot
 51726 | Vaults:5 | Killed an ancient lich
 51871 | Vaults:5 | Identified the Disquisition on Conjuration and Flight
 51877 | Vaults:5 | Identified the Papyrus of Cold and Unholy Rituals
 51889 | Vaults:5 | Learned a level 3 spell: Regeneration
 51900 | Vaults:5 | Learned a level 7 spell: Delayed Fireball
 51917 | Vaults:5 | Got a fine wooden ring
 51918 | Vaults:5 | Identified the cursed ring "Jewniane" {rC+ Dex+2 Int+3} (You found it on level 5 of the Vaults)
 51919 | Vaults:5 | Identified the ring "Pnikueco" {rF+ Dex+4 Int+2} (You found it on level 5 of the Vaults)
 51926 | Vaults:5 | Got an encrusted blowgun
 51927 | Vaults:5 | Identified the +5 blowgun of Symmetry {speed, +Fly rElec rN+ Dex+2} (You found it on level 5 of the Vaults)
 51932 | Vaults:5 | Got a steaming mace
 51933 | Vaults:5 | Identified the +6,+8 mace of Dishonour {antimagic, +Inv Dex+1} (You found it on level 5 of the Vaults)
 52071 | Vaults:5 | Reached skill level 15 in Necromancy
 52384 | Vaults:5 | Upgraded the game from 0.15-a0-809-g8e1b895 to 0.15-a0-834-gd31242b
 52550 | Vaults:1 | Learned a level 2 spell: Repel Missiles
 52731 | Lair:1   | Upgraded the game from 0.15-a0-834-gd31242b to 0.15-a0-861-g2f358d9
 52855 | Shoals:1 | Entered Level 1 of the Shoals
 54764 | Shoals:5 | Entered Level 5 of the Shoals
 55179 | Shoals:5 | Reached XP level 23. HP: 107/107 MP: 27/49
 55307 | Shoals:5 | Got a barnacled rune of Zot
 55656 | Shoals:5 | Got a faintly glowing dagger
 55657 | Shoals:5 | Identified the +7,+6 dagger of Pygasy {freeze, +Inv rC+} (You found it on level 5 of the Shoals)
 55707 | Shoals:5 | Upgraded the game from 0.15-a0-861-g2f358d9 to 0.15-a0-895-g19c7863
 55969 | Shoals:4 | Noticed Ilsuiw
 55976 | Shoals:4 | Killed Ilsuiw
 56687 | Lair:5   | Reached skill level 1 in Evocations
 56744 | Slime:1  | Entered Level 1 of the Pits of Slime
 56950 | Slime:4  | Reached skill level 5 in Evocations
 57049 | Slime:6  | Entered Level 6 of the Pits of Slime
 57498 | Slime:6  | Found a viscous altar of Jiyva.
 57514 | Slime:6  | Noticed the royal jelly
 57523 | Slime:6  | Killed the royal jelly
 57523 | Slime:6  | Reached skill level 10 in Evocations
 57539 | Slime:6  | Got a slimy silver ring
 57541 | Slime:6  | Got a slimy rune of Zot
 57562 | Slime:6  | Got a faintly glowing blowgun
 57563 | Slime:6  | Identified the +6 blowgun of Intimidation {speed, Dex+3} (You found it on level 6 of the Pits of Slime)
 57599 | Slime:6  | Got an ivory war axe
 57600 | Slime:6  | Identified the cursed +3,-1 war axe of Sudden Death {flame, rElec} (You found it on level 6 of the Pits of Slime)
 57693 | Slime:6  | Identified the ring of Birdsong {rElec rC+ Str+3 Int+2 Dam-3 SInv} (You found it on level 6 of the Pits of Slime)
 57930 | Lair:1   | Learned a level 7 spell: Ring of Flames
 58249 | Depths:1 | Entered Level 1 of the Depths
 58259 | Depths:1 | Reached skill level 1 in Armour
 58609 | Depths:1 | Noticed Duskembrace's ghost (mighty MiBe)
 58635 | Depths:1 | Killed Duskembrace's ghost
 58728 | Depths:1 | Found a snail-covered altar of Cheibriados.
 58962 | Depths:1 | Reached skill level 5 in Armour
 59373 | Depths:2 | Noticed Sojobo
 59374 | Depths:2 | Killed Sojobo
 59374 | Depths:2 | Reached XP level 24. HP: 95/112 MP: 38/50
 59574 | Depths:2 | Found a gateway to a ziggurat.
 59619 | Zig:1    | Entered Level 1 of a ziggurat
 59638 | Zig:2    | Entered Level 2 of a ziggurat
 59654 | Zig:2    | Got a brightly glowing ivory ring
 59656 | Zig:2    | Identified the ring of Staymom {+/*Tele +Inv Str+3} (You found it on level 2 of a ziggurat)
 59664 | Zig:3    | Entered Level 3 of a ziggurat
 59717 | Zig:4    | Entered Level 4 of a ziggurat
 59758 | Zig:5    | Entered Level 5 of a ziggurat
 59781 | Zig:5    | Identified the Disquisition on the Birds
 59795 | Zig:6    | Entered Level 6 of a ziggurat
 59847 | Zig:7    | Entered Level 7 of a ziggurat
 59853 | Zig:7    | Reached skill level 10 in Armour
 59900 | Zig:7    | Reached XP level 25. HP: 105/125 MP: 47/50
 59911 | Zig:8    | Entered Level 8 of a ziggurat
 59937 | Zig:8    | Got a steaming chain mail
 59951 | Zig:8    | Identified the +6 chain mail of Khas {Str+3 Dex-5} (You found it on level 8 of a ziggurat)
 59991 | Zig:9    | Entered Level 9 of a ziggurat
 60053 | Zig:9    | Identified the Incunabulum of Warped Illusion (You found it on level 9 of a ziggurat)
 60065 | Zig:10   | Entered Level 10 of a ziggurat
 60206 | Zig:11   | Entered Level 11 of a ziggurat
 60233 | Zig:11   | Got a steaming silver ring
 60286 | Zig:11   | Identified the ring "Ygasiesch" {SustAb rN+ Str+3} (You found it on level 11 of a ziggurat)
 60289 | Zig:11   | Reached skill level 5 in Fighting
 60289 | Zig:11   | Reached XP level 26. HP: 129/136 MP: 50/50
 60291 | Zig:11   | Got a transparent bronze ring
 60312 | Zig:12   | Entered Level 12 of a ziggurat
 60358 | Zig:12   | Got a faintly glowing ivory ring
 60384 | Zig:12   | Got a warped turquoise ring
 60394 | Zig:13   | Entered Level 13 of a ziggurat
 60409 | Zig:13   | Reached skill level 10 in Translocations
 60421 | Zig:13   | Identified the ring "Saussul" {Str+4 Int+1 Dam+4} (You found it on level 11 of a ziggurat)
 60430 | Zig:13   | Identified the Collected Works on Blistering Battle Magic (You found it on level 13 of a ziggurat)
 60433 | Zig:13   | Got a warped jade ring
 60436 | Zig:13   | Reached XP level 27. HP: 140/140 MP: 44/50
 60441 | Zig:13   | Identified the ring "Zoysetoh" {rPois Str+2 Dex+5 Acc-1 Dam+1} (You found it on level 13 of a ziggurat)
 60444 | Zig:13   | Identified the ring "Qoat" {+Inv rPois rF+ Acc+4 SInv} (You found it on level 12 of a ziggurat)
 60473 | Zig:14   | Entered Level 14 of a ziggurat
 60555 | Zig:14   | Got an ominously black robe
 60563 | Zig:14   | Identified the +2 robe of Chill Winds {rC+ rN+ Dex+2} (You found it on level 14 of a ziggurat)
 60579 | Zig:14   | Learned a level 7 spell: Controlled Blink
 60596 | Zig:14   | Identified the ring of the Snail {EV+4 Dex-3 Int+4} (You found it on level 12 of a ziggurat)
 60619 | Zig:15   | Entered Level 15 of a ziggurat
 60656 | Zig:15   | Reached skill level 5 in Dodging
 60695 | Zig:15   | Got a scintillating ivory ring
 60703 | Zig:15   | Identified the Catalogue of Floating Confrontation (You found it on level 15 of a ziggurat)
 60760 | Zig:16   | Entered Level 16 of a ziggurat
 60832 | Zig:16   | Got a sparkling brass amulet
 60847 | Zig:16   | Identified Sif Muna's Incunabulum of the Unseen Realm (You found it on level 16 of a ziggurat)
 60853 | Zig:16   | Got a warped ice dragon armour
 60868 | Zig:16   | Identified the +0 ice dragon armour "Junouj" {rF- rC++ Int+2 Dam+6} (You found it on level 16 of a ziggurat)
 60902 | Zig:17   | Entered Level 17 of a ziggurat
 60912 | Zig:17   | Reached skill level 5 in Earth Magic
 60919 | Zig:17   | Killed an ancient lich
 60922 | Zig:17   | Reached skill level 10 in Earth Magic
 60960 | Zig:17   | Identified the ring of Edwuehuu {Wiz Int+3} (You found it on level 15 of a ziggurat)
 60962 | Zig:17   | Identified the amulet "Thammoa" {Ward rElec rPois rN++ Acc+1 Stlth+} (You found it on level 16 of a ziggurat)
 60979 | Zig:17   | Got a transparent glass ring
 60980 | Zig:17   | Identified the ring "Jodydim" {rF+ rC+ Int+1 Dam+6} (You found it on level 17 of a ziggurat)
 60987 | Zig:17   | Identified Xiur's Handbook of Quantum Attacks (You found it on level 17 of a ziggurat)
 61004 | Zig:17   | Identified Cigotuvi's Tome of Stolen Souls (You found it on level 17 of a ziggurat)
 61013 | Zig:17   | Got a twisted flail
 61014 | Zig:17   | Identified the cursed -1,+0 flail "Zofyrphey" {freeze, rF+ rC+} (You found it on level 17 of a ziggurat)
 61041 | Zig:18   | Entered Level 18 of a ziggurat
 61119 | Zig:18   | Learned a level 8 spell: Lehudib's Crystal Spear
 61122 | Zig:18   | Identified the Volume of Envenoming (You found it on level 18 of a ziggurat)
 61127 | Zig:18   | Reached skill level 10 in Fighting
 61133 | Zig:19   | Entered Level 19 of a ziggurat
 61180 | Zig:19   | Gained mutation: Your vision is a little blurry. [mutagenic glow]
 61183 | Zig:19   | Gained mutation: You are partially covered in thin metallic scales (AC +2). [potion of mutation]
 61183 | Zig:19   | Gained mutation: Potions and wands are less effective at restoring your health. [potion of mutation]
 61184 | Zig:19   | Lost mutation: You are partially covered in thin metallic scales (AC +2). [potion of cure mutation]
 61184 | Zig:19   | Lost mutation: Your vision is a little blurry. [potion of cure mutation]
 61184 | Zig:19   | Lost mutation: Potions and wands are less effective at restoring your health. [potion of cure mutation]
 61189 | Zig:19   | Got a brightly glowing robe
 61197 | Zig:19   | Identified the +0 robe of Indomitability {rC+ Str+3 Dam+4} (You found it on level 19 of a ziggurat)
 61222 | Zig:19   | Got a jewelled long sword
 61223 | Zig:19   | Identified the cursed +6,+6 long sword of Tiommog {flame, Dex+3} (You found it on level 19 of a ziggurat)
 61238 | Zig:19   | Got a crude shield
 61247 | Zig:19   | Identified the cursed -3 shield of Ufoiplel {Str+3 Int+5} (You found it on level 19 of a ziggurat)
 61269 | Zig:20   | Entered Level 20 of a ziggurat
 61388 | Zig:20   | Got a faintly glowing wooden ring
 61393 | Zig:20   | Got a heavily runed wooden ring
 61394 | Zig:20   | Identified the ring "Umanor" {rF+ Stlth+} (You found it on level 20 of a ziggurat)
 61396 | Zig:20   | Identified the ring of Makhleb's Benevolence {rElec rC+ rN+} (You found it on level 20 of a ziggurat)
 61408 | Zig:21   | Entered Level 21 of a ziggurat
 61427 | Zig:21   | Reached skill level 10 in Shields
 61515 | Zig:21   | Got a warped morningstar
 61516 | Zig:21   | Identified the +3,+4 morningstar of the Pure Beggars {venom, +Rage} (You found it on level 21 of a ziggurat)
 61530 | Zig:22   | Entered Level 22 of a ziggurat
 61621 | Zig:22   | Got an ancient jade ring
 61624 | Zig:22   | Got a pair of twisted gloves
 61628 | Zig:22   | Identified the cursed -2 pair of gloves of Absence {Int+2} (You found it on level 22 of a ziggurat)
 61674 | Zig:22   | Got a scintillating granite ring
 61675 | Zig:22   | Identified the ring "Foups" {+Inv Dex+1 Int-2} (You found it on level 22 of a ziggurat)
 61677 | Zig:22   | Identified the cursed ring of the Harvest {Str-1 Int-4 Dam-1 SInv} (You found it on level 22 of a ziggurat)
 61710 | Zig:22   | Identified a +2 rod of the swarm (12/12) (You found it on level 22 of a ziggurat)
 61723 | Zig:23   | Entered Level 23 of a ziggurat
 61779 | Zig:23   | Reached skill level 15 in Shields
 61855 | Zig:23   | Identified the Collected Works on Supportive Malediction (You found it on level 23 of a ziggurat)
 61865 | Zig:23   | Got a pair of smoking boots
 61869 | Zig:23   | Identified the cursed -4 pair of boots "Fonoc" {rF++ rC++ Int+4} (You found it on level 23 of a ziggurat)
 61911 | Zig:23   | Got a crude chain mail
 61925 | Zig:23   | Identified the +5 chain mail of Trog's Righteous Fury {Str-3 Int+1} (You found it on level 23 of a ziggurat)
 61972 | Zig:23   | Got a slimy morningstar
 61973 | Zig:23   | Identified the +4,+5 morningstar "Leviticus" {crush, rF+ rC- MR++} (You found it on level 23 of a ziggurat)
 61978 | Zig:23   | Got a crystal whip
 61979 | Zig:23   | Identified the +2,-1 whip "Phieris" {flame, -Tele rF+ Str+2 Stlth+} (You found it on level 23 of a ziggurat)
 61993 | Zig:23   | Got a ring of the Octopus King
 61995 | Zig:23   | Identified a ring of the Octopus King {Wiz AC+1 EV+1 Str+1 Dex+1 Int+1} (You found it on level 23 of a ziggurat)
 62037 | Zig:24   | Entered Level 24 of a ziggurat
 62046 | Zig:24   | Noticed Xahip the pandemonium lord
 62048 | Zig:24   | Noticed Abir the pandemonium lord
 62049 | Zig:24   | Noticed Besiaj the pandemonium lord
 62049 | Zig:24   | Killed Abir the pandemonium lord
 62049 | Zig:24   | Reached skill level 10 in Dodging
 62050 | Zig:24   | Noticed Qaymej the pandemonium lord
 62050 | Zig:24   | Killed Besiaj the pandemonium lord
 62051 | Zig:24   | Killed Uzaudaps the pandemonium lord
 62052 | Zig:24   | Noticed Betuh the pandemonium lord
 62052 | Zig:24   | Killed Xahip the pandemonium lord
 62052 | Zig:24   | Reached skill level 15 in Dodging
 62053 | Zig:24   | Killed Qaymej the pandemonium lord
 62053 | Zig:24   | Killed Jeqejol the pandemonium lord
 62053 | Zig:24   | Killed Owusuig the pandemonium lord
 62054 | Zig:24   | Noticed Khewkogyru the pandemonium lord
 62054 | Zig:24   | Killed Betuh the pandemonium lord
 62054 | Zig:24   | Killed Khewkogyru the pandemonium lord
 62055 | Zig:24   | Noticed Mees the pandemonium lord
 62060 | Zig:24   | Noticed Mazor the pandemonium lord
 62060 | Zig:24   | Killed Mees the pandemonium lord
 62061 | Zig:24   | Noticed Tryaj the pandemonium lord
 62062 | Zig:24   | Noticed Phenleno the pandemonium lord
 62062 | Zig:24   | Killed Murihuca the pandemonium lord
 62064 | Zig:24   | Noticed Xoix the pandemonium lord
 62065 | Zig:24   | Killed Tryaj the pandemonium lord
 62065 | Zig:24   | Killed Mazor the pandemonium lord
 62066 | Zig:24   | Killed Xoix the pandemonium lord
 62067 | Zig:24   | Killed Phenleno the pandemonium lord
 62098 | Zig:24   | Identified Pnycumuj's Handbook of Glacial Malediction (You found it on level 24 of a ziggurat)
 62113 | Zig:24   | Got a transparent robe
 62121 | Zig:24   | Identified the +2 robe of Shielding {Str-5 Dex+3 Dam+3} (You found it on level 24 of a ziggurat)
 62151 | Zig:24   | Got a warped scimitar
 62152 | Zig:24   | Identified the +6,+6 scimitar of Death {holy, Stlth--} (You found it on level 24 of a ziggurat)
 62191 | Zig:25   | Entered Level 25 of a ziggurat
 62281 | Zig:25   | Got a flickering amber ring
 62290 | Zig:25   | Got a pair of steaming boots
 62294 | Zig:25   | Identified the +2 pair of boots "Thuuj" {MR+ Curse} (You found it on level 25 of a ziggurat)
 62301 | Zig:25   | Got a steaming whip
 62302 | Zig:25   | Identified the +0,+9 whip "Qorikker" {elec, *Tele +Blink MR+} (You found it on level 25 of a ziggurat)
 62308 | Zig:25   | Got a warped whip
 62309 | Zig:25   | Identified the cursed +3,+3 whip of Broken Luck {speed, rPois rC- Stlth--} (You found it on level 25 of a ziggurat)
 62326 | Zig:26   | Entered Level 26 of a ziggurat
 62397 | Zig:26   | Got a faintly glowing shield
 62409 | Zig:26   | Identified the cursed +0 shield of Temperance {rElec Acc+5} (You found it on level 26 of a ziggurat)
 62435 | Zig:26   | Got an ancient granite ring
 62461 | Zig:26   | Got a transparent dagger
 62462 | Zig:26   | Identified the +6,+4 dagger "Kauwk" {drain, Dex+2} (You found it on level 26 of a ziggurat)
 62466 | Zig:26   | Got a twitching lead ring
 62494 | Zig:27   | Entered Level 27 of a ziggurat
 62528 | Zig:27   | Noticed Pudusat the pandemonium lord
 62533 | Zig:27   | Killed Pudusat the pandemonium lord
 62623 | Zig:27   | Got a heavily jewelled robe
 62631 | Zig:27   | Identified the cursed -5 robe of the Country {Dex+3 Int+4} (You found it on level 27 of a ziggurat)
 62649 | Zig:27   | Identified Nuffaotoo's Papyrus of Attacks and Talismans (You found it on level 27 of a ziggurat)
 62653 | Zig:27   | Got a distressingly furry ring mail
 62664 | Zig:27   | Identified the cursed +0 ring mail of the Other Side {Str+2 Dex-1 Acc+5} (You found it on level 27 of a ziggurat)
 62705 | Zig:27   | Got a polished sling
 62706 | Zig:27   | Identified the +6,+8 sling of Disharmony {venom, rF+ SInv} (You found it on level 27 of a ziggurat)
 63504 | Depths:2 | Reached skill level 10 in Summonings
 63626 | Depths:2 | Got a shimmering spear
 63627 | Depths:2 | Identified the +4,+4 spear of Superiority {flame, Dex+1 Int+3} (You found it on level 2 of the Depths)
 63841 | Depths:1 | Learned a level 6 spell: Deflect Missiles
 64005 | Depths:3 | Reached skill level 1 in Air Magic
 64009 | Depths:3 | Reached skill level 10 in Charms
 64024 | Depths:3 | Noticed Norris
 64025 | Depths:3 | Killed Norris
 64044 | Depths:3 | Found an opulent altar of Gozag.
 64045 | Depths:3 | Found a one-way gate leading to the halls of Pandemonium.
 64204 | Depths:3 | Found a radiant altar of Vehumet.
 64374 | Depths:3 | Got a brightly glowing trident
 64375 | Depths:3 | Identified the +9,+1 trident of Equilibrium {pierce, rC+} (You took it off a deep elf fighter on level 3 of the Depths)
 64392 | Depths:3 | Gained mutation: Your spells are a little harder to cast, but a little more powerful. [potion of beneficial mutation]
 64408 | Depths:3 | Gained mutation: Your mind is acute. (Int +2) [potion of beneficial mutation]
 64433 | Depths:3 | Identified the ring of the City {rF+ Stlth+} (You found it on level 26 of a ziggurat)
 64441 | Depths:3 | Gained mutation: You have large cloven feet. [potion of beneficial mutation]
 64482 | Depths:3 | Identified the ring of Sirrozuats {rN+ Dex-4 Int-5} (You found it on level 25 of a ziggurat)
 64628 | Depths:3 | Found a basalt altar of Yredelemnul.
 64691 | Depths:3 | Found a blossoming altar of Fedhas.
 64699 | Depths:3 | Identified the ring "Biomp" {Dex+6 Int+2} (You found it on level 26 of a ziggurat)
 64772 | Depths:3 | Got a brightly glowing bone amulet
 64785 | Depths:3 | Identified the amulet of Dithmenos' Hope {Cons rF-} (You found it on level 3 of the Depths)
 65070 | Depths:4 | Found a one-way gate to the infinite horrors of the Abyss.
 65341 | Depths:4 | Reached skill level 27 in Conjurations
 65358 | Depths:4 | Learned a level 6 spell: Monstrous Menagerie
 65496 | Depths:4 | Got a sparkling amber ring
 65497 | Depths:4 | Identified the ring "Pilaorick" {Ice Dex-4 Int+3 Acc+6} (You took it off a deep elf fighter on level 4 of the Depths)
 65649 | Depths:4 | Noticed Margery
 65651 | Depths:4 | Killed Margery
 66050 | Depths:4 | Got a transparent flail
 66051 | Depths:4 | Identified the cursed +3,-2 flail "Bru Stot" {speed, Str+4} (You found it on level 4 of the Depths)
 66334 | Depths:4 | Got a dazzling mace
 66335 | Depths:4 | Identified the +3,+10 mace of the Sugar Beet {flame, Str+4 Dex+1} (You found it on level 4 of the Depths)
 66455 | Depths:5 | Entered Level 5 of the Depths
 66464 | Depths:5 | Found a flickering gateway to a bazaar.
 66480 | Depths:5 | Found Shaewnumn's Armour Emporium.
 66483 | Bazaar   | Entered a bazaar
 66483 | Bazaar   | Found Frunk's Weapon Shoppe.
 66483 | Bazaar   | Found Askoihir's Food Emporium.
 66484 | Bazaar   | Found Paokoxka's Antique Armour Emporium.
 66484 | Bazaar   | Found Brusoig's Magic Scroll Shoppe.
 66505 | Bazaar   | Bought a distressingly furry leather armour for 175 gold pieces
 66514 | Bazaar   | Identified the +1 leather armour of Clog {Dex-1 Int-3} (You bought it in a shop in a bazaar)
 66552 | Depths:5 | Found Myissur's Jewellery Shop.
 66560 | Depths:5 | Found Ghygh's Distillery.
 66883 | Depths:5 | Found a gate to the Realm of Zot.
 67127 | Depths:5 | Learned a level 9 spell: Shatter
 67426 | Pan      | Entered Pandemonium
 67440 | Pan      | Reached skill level 15 in Earth Magic
 67461 | Pan      | Found an exit through the horrors of the Abyss.
 67505 | Pan      | Noticed Bleplyxe the pandemonium lord
 67595 | Pan      | Killed Bleplyxe the pandemonium lord
 68057 | Pan      | Noticed Usmyifua the pandemonium lord
 68060 | Pan      | Killed Usmyifua the pandemonium lord
 68179 | Pan      | Found an exit through the horrors of the Abyss.
 68346 | Pan      | Got a brightly glowing pewter ring
 68347 | Pan      | Identified the ring of Xeqang {rN+ Str+4 Int+3} (You found it in Pandemonium)
 68434 | Pan      | Upgraded the game from 0.15-a0-895-g19c7863 to 0.15-a0-910-gf78ccf3
 68898 | Pan      | Killed Daqaasu the pandemonium lord
 69243 | Pan      | Noticed Kumnia the pandemonium lord
 69245 | Pan      | Killed Kumnia the pandemonium lord
 69298 | Pan      | Found an exit through the horrors of the Abyss.
 69380 | Pan      | Found an exit through the horrors of the Abyss.
 69506 | Pan      | Found an exit through the horrors of the Abyss.
 69635 | Pan      | Noticed Diqikodo the pandemonium lord
 69638 | Pan      | Killed Diqikodo the pandemonium lord
 69750 | Pan      | Got a demonic rune of Zot
 69895 | Pan      | Noticed Etuasm the pandemonium lord
 69908 | Pan      | Killed Etuasm the pandemonium lord
 70134 | Pan      | Found an exit through the horrors of the Abyss.
 70301 | Pan      | Entered the realm of Cerebov.
 70301 | Pan      | Found an exit through the horrors of the Abyss.
 70399 | Pan      | Noticed Cerebov
 70718 | Pan      | Killed Cerebov
 70735 | Pan      | Got a crude pewter ring
 70746 | Pan      | Got a smelly chain mail
 70762 | Pan      | Identified the +1 chain mail of Sif Muna's Esteem {Dex+1 Int-3} (You found it in Pandemonium)
 70820 | Pan      | Got a diamond-encrusted chain mail
 70834 | Pan      | Identified the +4 chain mail of Inviolability {MR+ Acc+6} (You found it in Pandemonium)
 70853 | Pan      | Got a crystal trident
 70854 | Pan      | Identified the +6,+4 trident of the Mosquito {slay drac, +Fly} (You found it in Pandemonium)
 70875 | Pan      | Got a pitted amber ring
 70902 | Pan      | Identified the Grimoire of Battle Magic
 70970 | Pan      | Got a fiery rune of Zot
 71031 | Pan      | Found a gateway to a ziggurat.
 71061 | Zig:1    | Entered Level 1 of a ziggurat
 71095 | Zig:2    | Entered Level 2 of a ziggurat
 71117 | Zig:3    | Entered Level 3 of a ziggurat
 71139 | Zig:4    | Entered Level 4 of a ziggurat
 71254 | Zig:4    | Got a sparkling lead ring
 71257 | Zig:5    | Entered Level 5 of a ziggurat
 71281 | Zig:5    | Got a ring of the Octopus King
 71283 | Zig:6    | Entered Level 6 of a ziggurat
 71346 | Zig:6    | Identified a +7 rod of shadows (13/13) (You found it on level 6 of a ziggurat)
 71433 | Zig:7    | Entered Level 7 of a ziggurat
 71474 | Zig:8    | Entered Level 8 of a ziggurat
 71546 | Zig:9    | Entered Level 9 of a ziggurat
 71571 | Zig:9    | Got a scintillating platinum ring
 71616 | Zig:9    | Got a fine dagger
 71617 | Zig:9    | Identified the +6,+6 dagger of Ebeipup {freeze, rPois rF++} (You found it on level 9 of a ziggurat)
 71621 | Zig:10   | Entered Level 10 of a ziggurat
 71654 | Zig:10   | Got a pair of faintly humming gloves
 71658 | Zig:10   | Identified the cursed +2 pair of gloves of the Clouds {Str+4 Int+1} (You found it on level 10 of a ziggurat)
 71660 | Zig:10   | Got a shimmering long sword
 71661 | Zig:10   | Identified the +10,+4 long sword of Optimality {slice, rElec SInv} (You found it on level 10 of a ziggurat)
 71684 | Zig:11   | Entered Level 11 of a ziggurat
 71800 | Zig:11   | Identified the ring "Futhru Sean" {MP+9 Str+1 Int+1} (You found it in Pandemonium)
 71817 | Zig:11   | Identified the ring "Bahoec Cobb" {Wiz MR++ Str+1} (You found it on level 4 of a ziggurat)
 71825 | Zig:12   | Entered Level 12 of a ziggurat
 71952 | Zig:12   | Reached skill level 15 in Fighting
 72325 | Zig:12   | Got a bronze chain mail
 72339 | Zig:12   | Identified the cursed -9 chain mail "Tiet Uti" {SInv} (You found it on level 12 of a ziggurat)
 72405 | Zig:13   | Entered Level 13 of a ziggurat
 72484 | Zig:13   | Got a scintillating silver ring
 72492 | Zig:13   | Identified the ring of Inoan {rPois Dex+2 Int-3} (You took it off a balrug in Pandemonium)
 72493 | Zig:13   | Identified a ring of the Octopus King {rC+ AC+1 EV+1 Str+1 Dex+1 Int+1} (You found it on level 5 of a ziggurat)
 72494 | Zig:13   | Identified the ring of Fixation {+/*Tele rN+ Dex+3} (You found it on level 13 of a ziggurat)
 72504 | Zig:13   | Identified the Almanac of Heat (You found it on level 13 of a ziggurat)
 72511 | Zig:14   | Entered Level 14 of a ziggurat
 72580 | Zig:14   | Got a faintly glowing hand axe
 72581 | Zig:14   | Identified the +6,+7 hand axe of the Lettuce {distort, Contam +Fly rElec SInv} (You found it on level 14 of a ziggurat)
 72582 | Zig:14   | Cast into the Abyss (a distortion unwield)
 72654 | Abyss:1  | Gained mutation: Your vision is a little blurry. [mutagenic glow]
 72724 | Abyss:4  | Found a corrupted altar of Lugonu.
 72775 | Abyss:4  | Gained mutation: Your spells are harder to cast, but more powerful. [potion of beneficial mutation]
 72924 | Abyss:5  | Entered Level 5 of the Abyss
 72924 | Abyss:5  | Found a corrupted altar of Lugonu.
 73248 | Abyss:5  | Reached skill level 15 in Charms
 73282 | Abyss:5  | Gained mutation: You have a fast metabolism. [a neqoxec]
 73306 | Abyss:5  | Found a corrupted altar of Lugonu.
 73310 | Abyss:5  | Found a snail-covered altar of Cheibriados.
 73369 | Abyss:5  | Got an abyssal rune of Zot
 73408 | Abyss:5  | Found a corrupted altar of Lugonu.
 73413 | Abyss:5  | Found a corrupted altar of Lugonu.
 73484 | Abyss:5  | Reached skill level 15 in Translocations
 73618 | Abyss:5  | Found a corrupted altar of Lugonu.
 73808 | Abyss:5  | Found a bloodstained altar of Trog.
 74108 | Zig:14   | Escaped the Abyss
 74110 | Zig:14   | Got an ancient chain mail
 74128 | Zig:14   | Identified the +6 chain mail of Inference {Str+4 Acc+5} (You found it on level 14 of a ziggurat)
 74144 | Zig:14   | Got a jewelled falchion
 74145 | Zig:14   | Identified the ring "Nejyanor" {rElec SInv} (You found it on level 9 of a ziggurat)
 74159 | Zig:14   | Got a pair of slimy gloves
 74171 | Zig:14   | Identified the +1 pair of gloves of Trisamih {Int+3 Stlth++} (You found it on level 14 of a ziggurat)
 74185 | Zig:15   | Entered Level 15 of a ziggurat
 74192 | Zig:15   | Noticed bmfx's ghost (awesomely powerful MiIE)
 74220 | Zig:15   | Killed bmfx's ghost
 74347 | Zig:15   | Identified Sif Muna's Tome of Black Rituals and Ice (You found it on level 15 of a ziggurat)
 74366 | Zig:15   | Got a crude ring mail
 74377 | Zig:15   | Identified the cursed +0 ring mail of the Depths {rF+ rN+} (You found it on level 15 of a ziggurat)
 74518 | Zig:16   | Entered Level 16 of a ziggurat
 74698 | Zig:16   | Got a shimmering eveningstar
 74699 | Zig:16   | Identified the cursed +1,+2 eveningstar of Bufyic {freeze, Dex+3 Int+2} (You found it on level 16 of a ziggurat)
 74732 | Zig:16   | Got a jewelled cutlass
 74739 | Zig:16   | Identified the +5,+10 cutlass of Untruth {drain, rC+ SInv} (You found it on level 16 of a ziggurat)
 74846 | Zig:17   | Entered Level 17 of a ziggurat
 74856 | Zig:17   | Noticed an ancient lich
 74857 | Zig:17   | Noticed an ancient lich
 74859 | Zig:17   | Killed an ancient lich
 74859 | Zig:17   | Killed an ancient lich
 74920 | Zig:17   | Got a shimmering short sword
 74927 | Zig:17   | Got a heavily runed fire dragon armour
 74941 | Zig:17   | Identified the cursed -2 fire dragon armour of the Four Runes {rF++ rC- Dex+2 Int-4} (You found it on level 17 of a ziggurat)
 74988 | Zig:17   | Got a faintly glowing mace
 74992 | Zig:17   | Got a crude robe
 75004 | Zig:17   | Identified the cursed -5 robe of the Other Side {Str+3 Dex+5} (You found it on level 17 of a ziggurat)
 75015 | Zig:17   | Identified the +10,+6 mace of Saemott {crush, rF+} (You found it on level 17 of a ziggurat)
 75017 | Zig:17   | Identified the +10,+6 short sword "Khoor" {freeze, rPois MR+} (You found it on level 17 of a ziggurat)
 75024 | Zig:18   | Entered Level 18 of a ziggurat
 75075 | Zig:18   | Identified a +5 rod of striking (9/9) (You found it on level 18 of a ziggurat)
 75098 | Zig:18   | Got a transparent turquoise ring
 75103 | Zig:18   | Got a wavering golden ring
 75115 | Zig:18   | Identified the ring of the Fiend {Str+3 Int+5} (You found it on level 18 of a ziggurat)
 75116 | Zig:18   | Identified the ring "Blos Eca" {Str+3 Stlth-} (You found it on level 18 of a ziggurat)
 75183 | Zig:19   | Entered Level 19 of a ziggurat
 75196 | Zig:19   | Reached skill level 27 in Fire Magic
 75201 | Zig:19   | Noticed Syefof the pandemonium lord
 75203 | Zig:19   | Killed Syefof the pandemonium lord
 75222 | Zig:19   | Got a vibrating golden ring
 75224 | Zig:19   | Got a slimy lead amulet
 75228 | Zig:19   | Identified the cursed ring "Ucigrau" {Str-3 Int+2} (You found it on level 19 of a ziggurat)
 75231 | Zig:19   | Identified the amulet "Ikaigaji" {Stasis Int+3} (You found it on level 19 of a ziggurat)
 75249 | Zig:19   | Identified a +4 rod of striking (13/13) (You found it on level 19 of a ziggurat)
 75255 | Zig:19   | Got a slimy ring mail
 75266 | Zig:19   | Identified the +3 ring mail of the First Snow {Str+3 Dex+4} (You found it on level 19 of a ziggurat)
 75285 | Zig:19   | Got a polished hand axe
 75286 | Zig:19   | Identified the +11,+11 hand axe of Makhleb's Delight {freeze, rF+} (You found it on level 19 of a ziggurat)
 75293 | Zig:20   | Entered Level 20 of a ziggurat
 75339 | Zig:20   | Identified the Compendium of Attacks (You found it on level 20 of a ziggurat)
 75346 | Zig:20   | Gained mutation: You are clumsy. (Dex -2) [mutagenic glow]
 75348 | Zig:20   | Got a slimy bone ring
 75349 | Zig:20   | Lost mutation: You have a fast metabolism. [potion of cure mutation]
 75349 | Zig:20   | Lost mutation: You are clumsy. (Dex -2) [potion of cure mutation]
 75349 | Zig:20   | Lost mutation: Your spells are harder to cast, but more powerful. [potion of cure mutation]
 75349 | Zig:20   | Lost mutation: Your spells are a little harder to cast, but a little more powerful. [potion of cure mutation]
 75349 | Zig:20   | Lost mutation: Your vision is a little blurry. [potion of cure mutation]
 75368 | Zig:21   | Entered Level 21 of a ziggurat
 75433 | Zig:21   | Identified the ring of Zeaduesuaqo {rC+ AC+5} (You found it on level 20 of a ziggurat)
 75435 | Zig:21   | Got a faintly glowing crystal amulet
 75436 | Zig:21   | Identified the amulet "Visoann" {rCorr Str+2 Dex-2} (You found it on level 21 of a ziggurat)
 75440 | Zig:21   | Identified the Catalogue of Translocation (You found it on level 21 of a ziggurat)
 75450 | Zig:21   | Got a warped iron ring
 75456 | Zig:21   | Got a crude leather armour
 75465 | Zig:21   | Identified the +3 leather armour of Crawling {+Rage MR+ Int+3} (You found it on level 21 of a ziggurat)
 75477 | Zig:21   | Reached skill level 27 in Earth Magic
 75484 | Zig:22   | Entered Level 22 of a ziggurat
 75556 | Zig:22   | Got a smoking wooden ring
 75583 | Zig:22   | Got a transparent scimitar
 75584 | Zig:22   | Identified the +2,+2 scimitar of Distraction {holy, rF+} (You found it on level 22 of a ziggurat)
 75588 | Zig:22   | Identified Sif Muna's Reference Book on Destructive Contamination (You found it on level 22 of a ziggurat)
 75663 | Zig:23   | Entered Level 23 of a ziggurat
 75748 | Zig:23   | HP: 6/191 [indirect mummy death curse (27)]
 75892 | Zig:23   | Identified a +2 rod of destruction (14/14) (You found it on level 23 of a ziggurat)
 75911 | Zig:23   | Got a pitted leather armour
 75920 | Zig:23   | Identified the +3 leather armour of Restlessness {rC+ SInv} (You found it on level 23 of a ziggurat)
 75938 | Zig:23   | Identified a +3 rod of inaccuracy (13/13) (You found it on level 23 of a ziggurat)
 75950 | Zig:23   | Got a pitted chain mail
 75964 | Zig:23   | Identified the +5 chain mail of Weirdness {Str+3 Int-4} (You found it on level 23 of a ziggurat)
 75997 | Zig:24   | Entered Level 24 of a ziggurat
 76019 | Zig:24   | Reached skill level 27 in Necromancy
 76057 | Zig:24   | Got a jewelled leather armour
 76066 | Zig:24   | Identified the +0 leather armour of Fybeded {Str+5 Acc+5} (You found it on level 24 of a ziggurat)
 76146 | Zig:24   | Learned a level 8 spell: Necromutation
 76154 | Zig:25   | Entered Level 25 of a ziggurat
 76164 | Zig:25   | Reached skill level 1 in Transmutations
 76173 | Zig:25   | Noticed an ancient lich
 76174 | Zig:25   | Killed an ancient lich
 76186 | Zig:25   | Noticed an ancient lich
 76187 | Zig:25   | Noticed an ancient lich
 76187 | Zig:25   | Killed an ancient lich
 76189 | Zig:25   | Killed an ancient lich
 76193 | Zig:25   | Reached skill level 15 in Evocations
 76270 | Zig:25   | Got a slimy pewter ring
 76274 | Zig:25   | Got a fine dagger
 76280 | Zig:25   | Identified the ring of Qaad {Str+1 Dex+3 Stlth+} (You found it on level 25 of a ziggurat)
 76339 | Zig:26   | Entered Level 26 of a ziggurat
 76397 | Zig:26   | Got a pitted flail
 76398 | Zig:26   | Identified the +9,+10 flail "Gralaf" {flame, +Fly rElec rF+ rC+ Int+1} (You found it on level 26 of a ziggurat)
 76406 | Zig:26   | Got a flickering platinum ring
 76428 | Zig:27   | Entered Level 27 of a ziggurat
 76450 | Zig:27   | Noticed an ancient lich
 76452 | Zig:27   | Killed an ancient lich
 76459 | Zig:27   | Noticed an ancient lich
 76461 | Zig:27   | Killed an ancient lich
 76488 | Zig:27   | Got a warped lead ring
 76599 | Pan      | Found a gateway to a ziggurat.
 76686 | Pan      | Noticed Jurul the pandemonium lord
 76690 | Pan      | Killed Jurul the pandemonium lord
 76931 | Pan      | Entered the realm of Gloorx Vloq.
 77078 | Pan      | Noticed Gloorx Vloq
 77084 | Pan      | Got a dark rune of Zot
 77238 | Pan      | Killed Gloorx Vloq
 77335 | Pan      | Found an exit through the horrors of the Abyss.
 77396 | Pan      | Entered the realm of Mnoleg.
 77693 | Pan      | Noticed Mnoleg
 77708 | Pan      | Killed Mnoleg
 77765 | Pan      | Got a glowing rune of Zot
 77884 | Pan      | Gained mutation: You are clumsy. (Dex -2) [a neqoxec]
 78053 | Pan      | Found an exit through the horrors of the Abyss.
 78064 | Pan      | Reached skill level 27 in Evocations
 78065 | Pan      | Upgraded the game from 0.15-a0-910-gf78ccf3 to 0.15-a0-935-g62ff1c1
 78615 | Pan      | Noticed Zail the pandemonium lord
 78619 | Pan      | Killed Zail the pandemonium lord
 78633 | Pan      | Identified the ring "Zojefomi" {Str+2 Dex+2 Stlth+} (You found it on level 27 of a ziggurat)
 78635 | Pan      | Got a brightly glowing steel ring
 78783 | Pan      | Noticed Teophiot the pandemonium lord
 78788 | Pan      | Killed Teophiot the pandemonium lord
 78791 | Pan      | Noticed Ignacio
 78798 | Pan      | Killed Ignacio
 79160 | Pan      | Identified the ring "Seapn" {+Rage +Fly} (You took it off a putrid demonspawn in Pandemonium)
 79394 | Pan      | Identified the ring of Law {rN+ Str+3 Int-2} (You found it on level 26 of a ziggurat)
 79406 | Pan      | Got a slimy robe
 79414 | Pan      | Identified the +2 robe "Ynnit" {+Fly rElec Stlth+} (You found it in Pandemonium)
 79431 | Pan      | Entered the realm of Lom Lobon.
 79550 | Pan      | Noticed Lom Lobon
 79569 | Pan      | Killed Lom Lobon
 79660 | Pan      | Got a magical rune of Zot
 79723 | Pan      | Found an exit through the horrors of the Abyss.
 79902 | Pan      | Upgraded the game from 0.15-a0-935-g62ff1c1 to 0.15-a0-970-ga23ad50
 80139 | Pan      | Noticed Inkohia the pandemonium lord
 80142 | Pan      | Killed Inkohia the pandemonium lord
 80361 | Pan      | Found an exit through the horrors of the Abyss.
 80501 | Pan      | Noticed Atofac the pandemonium lord
 80503 | Pan      | Killed Atofac the pandemonium lord
 80575 | Pan      | Identified the cursed ring "Pluekher" {+/*Tele Str+2 Int+4} (You found it on level 21 of a ziggurat)
 80577 | Pan      | Identified the cursed ring "Bofoguxa" {AC+4 Int+2 Dam+5 SInv} (You found it on level 22 of a ziggurat)
 80770 | Pan      | Found an exit through the horrors of the Abyss.
 80825 | Pan      | Identified the cursed +0,+2 dagger of Fortitude {freeze, +Rage Int+3 Stlth+} (You found it on level 25 of a ziggurat)
 80934 | Depths:5 | Escaped Pandemonium
 80974 | Hell     | Entered the Vestibule of Hell
 80974 | Hell     | Noticed Geryon
 80980 | Hell     | Killed Geryon
 81218 | Hell     | Found a gateway to the Iron City of Dis.
 81311 | Hell     | Upgraded the game from 0.15-a0-970-ga23ad50 to 0.15-a0-1015-g702813b
 81347 | Hell     | Found a gateway to the decaying netherworld of Tartarus.
 81411 | Hell     | Found a gateway to the ashen valley of Gehenna.
 81455 | Hell     | Found a gateway to the freezing wastes of Cocytus.
 81548 | Coc:1    | Entered Level 1 of Cocytus
 82180 | Coc:7    | Entered Level 7 of Cocytus
 82180 | Coc:7    | Noticed Amnesiac's ghost (legendary HaEn)
 82188 | Coc:7    | Killed Amnesiac's ghost
 82436 | Coc:7    | Noticed Antaeus
 82444 | Coc:7    | Killed Antaeus
 82548 | Coc:7    | Got a crude helmet
 82554 | Coc:7    | Got an icy rune of Zot
 82574 | Coc:7    | Got an iridescent hand axe
 82702 | Coc:7    | Identified the Disquisition on Cloudy Bewitchment (You found it on level 7 of Cocytus)
 82885 | Dis:1    | Entered Level 1 of the Iron City of Dis
 83821 | Dis:7    | Entered Level 7 of the Iron City of Dis
 84017 | Dis:7    | Noticed Dispater
 84032 | Dis:7    | Gained mutation: Your magical capacity is low (-10% MP). [a cacodemon]
 84034 | Dis:7    | Killed Dispater
 84181 | Dis:7    | Got an iron rune of Zot
 84306 | Tar:1    | Entered Level 1 of Tartarus
 84424 | Hell     | Upgraded the game from 0.15-a0-1015-g702813b to 0.15-a0-1253-g15b4f57
 84424 | Hell     | Upgraded the game from 0.15-a0-1253-g15b4f57 to 0.15-a0-1363-g87d8b17
 84433 | Hell     | Upgraded the game from 0.15-a0-1363-g87d8b17 to 0.15-a0-2123-gb18dd36
 84436 | Hell     | Identified the +2 helmet of the Crypt {rPois MR++ Str+1 SInv} (You found it on level 7 of Cocytus)
 84523 | Zot:1    | Entered Level 1 of the Realm of Zot
 84541 | Zot:1    | Lost mutation: Your magical capacity is low (-10% MP). [potion of cure mutation]
 84541 | Zot:1    | Lost mutation: You have large cloven feet. [potion of cure mutation]
 84541 | Zot:1    | Lost mutation: Your mind is acute. (Int +2) [potion of cure mutation]
 84541 | Zot:1    | Lost mutation: You are clumsy. (Dex -2) [potion of cure mutation]
 84760 | Zot:2    | Reached skill level 27 in Fighting
 84835 | Zot:2    | Reached skill level 5 in Ice Magic
 85026 | Zot:5    | Entered Level 5 of the Realm of Zot
 85109 | Zot:5    | Reached skill level 10 in Ice Magic
 85149 | Zot:5    | Noticed an ancient lich
 85150 | Zot:5    | Killed an ancient lich
 85179 | Zot:5    | Identified a +4 rod of the swarm (9/9) (You took it off an iron imp on level 7 of the Iron City of Dis)
 85180 | Zot:5    | Identified the cursed +7 hand axe of World Downfall {chop, rC+} (You found it on level 7 of Cocytus)
 85243 | Zot:5    | Noticed an orb of fire
 85245 | Zot:5    | Killed an orb of fire
 85257 | Zot:5    | Noticed an orb of fire
 85259 | Zot:5    | Gained mutation: You are weak. (Str -2) [an orb of fire]
 85267 | Zot:5    | Killed an orb of fire
 85336 | Zot:5    | Noticed an orb of fire
 85362 | Zot:5    | Killed an orb of fire
 85447 | Zot:5    | Reached skill level 15 in Ice Magic
 85452 | Zot:5    | Noticed an orb of fire
 85455 | Zot:5    | Killed an orb of fire
 85465 | Zot:5    | Noticed an ancient lich
 85468 | Zot:5    | Killed an ancient lich
 85472 | Zot:5    | Noticed an orb of fire
 85476 | Zot:5    | Killed an orb of fire
 85526 | Zot:5    | Lost mutation: You are weak. (Str -2) [potion of cure mutation]
 85551 | Zot:5    | Noticed an ancient lich
 85553 | Zot:5    | Killed an ancient lich
 85561 | Zot:5    | Got the Orb of Zot
 85696 | Zot:1    | Gained mutation: Your body is slowly deteriorating. [mutagenic glow]
 85724 | Zot:1    | Gained mutation: You are frail (-10% HP). [mutagenic glow]
 85730 | Zot:1    | Lost mutation: You are frail (-10% HP). [potion of cure mutation]
 85730 | Zot:1    | Lost mutation: Your body is slowly deteriorating. [potion of cure mutation]
 85808 | Depths:5 | Noticed Colit the pandemonium lord
 85847 | Depths:5 | Noticed Prampur the pandemonium lord
 85850 | Depths:5 | Killed Prampur the pandemonium lord
 85926 | Depths:4 | Noticed Briabaw the pandemonium lord
 85929 | Depths:4 | Killed Briabaw the pandemonium lord
 86573 | D:$      | Escaped with the Orb!

Action                   |  1- 3 |  4- 6 |  7- 9 | 10-12 | 13-15 | 16-18 | 19-21 | 22-24 | 25-27 || total
-------------------------+-------+-------+-------+-------+-------+-------+-------+-------+-------++-------
Melee: Unarmed           |     7 |     1 |       |       |       |       |       |       |       ||     8
       Whip              |       |       |       |    15 |       |       |       |       |       ||    15
       Staff             |       |       |       |    11 |    30 |     2 |     1 |     1 |    10 ||    55
       Trident           |       |       |       |       |    10 |       |       |       |       ||    10
 Cast: Flame Tongue      |    82 |    80 |   218 |   201 |   111 |    45 |     2 |     8 |     6 ||   753
       Conjure Flame     |     3 |     5 |    40 |    29 |    17 |    10 |     3 |       |       ||   107
       Inner Flame       |       |     2 |    10 |     4 |       |       |       |       |       ||    16
       Sticky Flame      |       |       |     9 |    41 |    34 |    40 |     9 |       |       ||   133
       Fireball          |       |       |    14 |   146 |   449 |   272 |       |    23 |   164 ||  1068
       Stone Arrow       |       |       |       |    35 |   154 |     2 |       |       |       ||   191
       Sublimation of Bl |       |       |       |    29 |   247 |   184 |   163 |   156 |   605 ||  1384
       Agony             |       |       |       |    14 |    84 |    43 |     8 |     3 |       ||   152
       Summon Guardian G |       |       |       |     4 |    19 |    16 |     2 |       |       ||    41
       Summon Lightning  |       |       |       |       |     6 |     1 |     1 |       |       ||     8
       Poison Arrow      |       |       |       |       |    81 |    22 |    63 |   176 |     1 ||   343
       Iron Shot         |       |       |       |       |     3 |    74 |    51 |    25 |       ||   153
       Swiftness         |       |       |       |       |     2 |     3 |       |     1 |       ||     6
       Throw Icicle      |       |       |       |       |       |    50 |     1 |     4 |    23 ||    78
       Fire Storm        |       |       |       |       |       |   113 |   262 |   218 |  1708 ||  2301
       Haste             |       |       |       |       |       |       |     1 |     5 |    50 ||    56
       Blink             |       |       |       |       |       |       |     1 |     2 |       ||     3
       Regeneration      |       |       |       |       |       |       |       |     6 |    60 ||    66
       Repel Missiles    |       |       |       |       |       |       |       |     2 |     1 ||     3
       Abjuration        |       |       |       |       |       |       |       |     1 |    23 ||    24
       Delayed Fireball  |       |       |       |       |       |       |       |     1 |     2 ||     3
       Ring of Flames    |       |       |       |       |       |       |       |    11 |    73 ||    84
       Spellforged Servi |       |       |       |       |       |       |       |     1 |     3 ||     4
       Lehudib's Crystal |       |       |       |       |       |       |       |       |   364 ||   364
       Shatter           |       |       |       |       |       |       |       |       |   165 ||   165
       Controlled Blink  |       |       |       |       |       |       |       |       |    44 ||    44
       Deflect Missiles  |       |       |       |       |       |       |       |       |     3 ||     3
       Monstrous Menager |       |       |       |       |       |       |       |       |     1 ||     1
 Abil: Evoke Blink       |       |       |       |       |     4 |     6 |     5 |       |     8 ||    23
       Release Delayed F |       |       |       |       |       |       |       |       |     2 ||     2
Evoke: Wand              |       |       |     8 |    14 |    11 |    17 |     6 |     7 |    17 ||    80
       Disc of storms    |       |       |       |       |     4 |     1 |       |       |     3 ||     8
       Staff of energy   |       |       |       |       |       |       |       |       |    33 ||    33
       Rod               |       |       |       |       |       |       |       |       |    18 ||    18
  Use: Scroll            |     4 |     1 |    20 |    11 |    25 |    13 |    14 |    24 |   120 ||   232
       Potion            |       |       |       |     1 |    10 |    10 |     6 |     4 |    64 ||    95
  Eat: Bread ration      |       |       |       |       |       |       |       |       |     2 ||     2
